Workbook
Name Append: Export!$A$12
Name CASS1: Control!$A$15
Name CASS1: Export!$A$13
Name CASS1: Welcome!#REF!
Name CASS1: Settings!$A$13
Name CASS10: Control!$A$24
Name CASS10: Export!$A$22
Name CASS10: Welcome!#REF!
Name CASS10: Settings!$A$22
Name CASS11: Control!$A$25
Name CASS11: Export!$A$23
Name CASS11: Welcome!#REF!
Name CASS11: Settings!$A$23
Name CASS12: Control!$A$26
Name CASS12: Export!$A$24
Name CASS12: Welcome!#REF!
Name CASS12: Settings!$A$24
Name CASS1A: Control!$A$16
Name CASS1A: Export!$A$14
Name CASS1A: Welcome!#REF!
Name CASS1A: Settings!$A$14
Name CASS3: Control!$A$17
Name CASS3: Export!$A$15
Name CASS3: Welcome!#REF!
Name CASS3: Settings!$A$15
Name CASS5: Control!$A$18
Name CASS5: Export!$A$16
Name CASS5: Welcome!#REF!
Name CASS5: Settings!$A$16
Name CASS6: Control!$A$19
Name CASS6: Export!$A$17
Name CASS6: Welcome!#REF!
Name CASS6: Settings!$A$17
Name CASS7: Control!$A$20
Name CASS7: Export!$A$18
Name CASS7: Welcome!#REF!
Name CASS7: Settings!$A$18
Name CASS7A: Control!$A$21
Name CASS7A: Export!$A$19
Name CASS7A: Welcome!#REF!
Name CASS7A: Settings!$A$19
Name CASS8: Control!$A$22
Name CASS8: Export!$A$20
Name CASS8: Welcome!#REF!
Name CASS8: Settings!$A$20
Name CASS9: Control!$A$23
Name CASS9: Export!$A$21
Name CASS9: Welcome!#REF!
Name CASS9: Settings!$A$21
Name DateFormat: Export!$D$13
Name FCA: 'CASS 7'!#REF!
Name FCA_1: 'CASS 7'!#REF!
Name Search: Control!$I$2
Name Search: Export!$I$2
Name Search: Welcome!$I$2
Name Search: Settings!$I$2
Name vDate: Control!$D$11
Name vFull: Control!$A$11
Name vFull: Export!$A$10
Name vFull: Welcome!#REF!

Sheet Control
E2: Search | I2: =HYPERLINK(_xlfn.CONCAT(F3,F2,G3)," ⌕") -> ⌕
F3: https://www.clientmoneyandassets.com/component/search/?searchword= | G3: &searchphrase=all&Itemid=101
C5: Control | F5: Configuration | I5: Export | L5: Licencing
B8: Last Run
A10: FALSE | B10: Username: | D10: Stewart Lancaster
A11: FALSE | B11: Date: | D11: 45694
A12: TRUE | B12: Time: | D12: 0.79305556
B14: CASS Sourcebooks
A15: TRUE | B15: P | C15: CASS 1 - Application and general provisions
A16: TRUE | B16: P | C16: CASS 1A - CASS firm classification and operational oversight
A17: FALSE | B17: P | C17: CASS 3 - Collateral
A18: FALSE | B18: P | C18: CASS 5 - Client money: insurance distribution activity
A19: TRUE | B19: P | C19: CASS 6 - Custody rules
A20: TRUE | B20: P | C20: CASS 7 - Client money rules
A21: FALSE | B21: P | C21: CASS 7A - Client money distribution and transfer
A22: TRUE | B22: P | C22: CASS 8 - Mandates
A23: TRUE | B23: P | C23: CASS 9 - Information to clients
A24: TRUE | B24: P | C24: CASS 10 - CASS resolution pack
A25: FALSE | B25: P | C25: CASS 11 - Debt management client money chapter
A26: FALSE | B26: P | C26: CASS 12 - Commodity Futures Trading Commission Part 30 exemption order
B27: P | C27: CASS 13 - Claims management: client money
B28: P | C28: CASS 14 - Temporary permissions regine - client assets rules

Sheet Settings
E2: Search | F2: CMAR | I2: =HYPERLINK(_xlfn.CONCAT(F3,F2,G3)," ⌕") -> ⌕
F3: https://www.clientmoneyandassets.com/component/search/?searchword= | G3: &searchphrase=all&Itemid=101
C5: Control | F5: Configuration | I5: Export | L5: Licencing
B8: File Settings | I8: lock tab - not tick boxes or seach
A9: FALSE | B9: Start automatically when I sign into Windows | I9: add fullscreen to ini file
A10: FALSE | B10: Always open in full screen mode
A11: TRUE | B11: Use recommended CASS Rules Mapping headings | I11: add additional headings
B12: CASS Sourcebooks
A13: TRUE | B13: CASS 1 - Application and general provisions | H13: =IF(A13=FALSE,"",ROW()-12) -> 1 | I13: CASS 1
A14: TRUE | B14: CASS 1A - CASS firm classification and operational oversight | H14: =IF(A14=FALSE,"",ROW()-12) -> 2 | I14: CASS 1A
A15: TRUE | B15: CASS 3 - Collateral | H15: =IF(A15=FALSE,"",ROW()-12) -> 3 | I15: CASS 3
A16: TRUE | B16: CASS 5 - Client money: insurance distribution activity | H16: =IF(A16=FALSE,"",ROW()-12) -> 4 | I16: CASS 5
A17: TRUE | B17: CASS 6 - Custody rules | H17: =IF(A17=FALSE,"",ROW()-12) -> 5 | I17: CASS 6
A18: TRUE | B18: CASS 7 - Client money rules | H18: =IF(A18=FALSE,"",ROW()-12) -> 6 | I18: CASS 7
A19: TRUE | B19: CASS 7A - Client money distribution and transfer | H19: =IF(A19=FALSE,"",ROW()-12) -> 7 | I19: CASS 7A
A20: TRUE | B20: CASS 8 - Mandates | H20: =IF(A20=FALSE,"",ROW()-12) -> 8 | I20: CASS 8
A21: TRUE | B21: CASS 9 - Information to clients | H21: =IF(A21=FALSE,"",ROW()-12) -> 9 | I21: CASS 9
A22: TRUE | B22: CASS 10 - CASS resolution pack | H22: =IF(A22=FALSE,"",ROW()-12) -> 10 | I22: CASS 10
A23: TRUE | B23: CASS 11 - Debt management client money chapter | H23: =IF(A23=FALSE,"",ROW()-12) -> 11 | I23: CASS 11
A24: TRUE | B24: CASS 12 - Commodity Futures Trading Commission Part 30 exemption order | H24: =IF(A24=FALSE,"",ROW()-12) -> 12 | I24: CASS 12
A25: TRUE | B25: CASS 13 - Claims management: client money
A26: TRUE | B26: CASS 14 - Temporary permissions regine - client assets rules

Sheet Export
E2: Search | F2: CMAR | I2: =HYPERLINK(_xlfn.CONCAT(F3,F2,G3)," ⌕") -> ⌕
F3: https://www.clientmoneyandassets.com/component/search/?searchword= | G3: &searchphrase=all&Itemid=101
C5: Control | F5: Configuration | I5: Export | L5: Licencing
B8: File Settings
A9: FALSE | B9: Directory:
A10: FALSE
A11: TRUE | B11: FileName:
A12: TRUE | D12: Append Date to Filename?
A13: TRUE | B13: Date Format: | D13: YYYY.MM.DD | F13: =IFERROR(IF(D13="","","Example:"),"") -> Example: | G13: =IFERROR(IF(D13="","",TEXT(TODAY(),D13)),"") -> 2025.06.02 | H13: =IF(A13=FALSE,"",ROW()-12) -> 1 | I13: CASS 1
A14: TRUE | H14: =IF(A14=FALSE,"",ROW()-12) -> 2 | I14: CASS 1A
A15: FALSE | D15: Comma Separated Values (.csv) | H15: =IF(A15=FALSE,"",ROW()-12) | I15: CASS 3
A16: TRUE | D16: Microsoft Excel Workbook (.xlsx) | H16: =IF(A16=FALSE,"",ROW()-12) -> 4 | I16: CASS 5
A17: TRUE | D17: Concatenate Sourcebooks into a single file | H17: =IF(A17=FALSE,"",ROW()-12) -> 5 | I17: CASS 6
A18: TRUE | H18: =IF(A18=FALSE,"",ROW()-12) -> 6 | I18: CASS 7
A19: FALSE | H19: =IF(A19=FALSE,"",ROW()-12) | I19: CASS 7A
A20: TRUE | H20: =IF(A20=FALSE,"",ROW()-12) -> 8 | I20: CASS 8
A21: TRUE | H21: =IF(A21=FALSE,"",ROW()-12) -> 9 | I21: CASS 9
A22: TRUE | H22: =IF(A22=FALSE,"",ROW()-12) -> 10 | I22: CASS 10
A23: FALSE | H23: =IF(A23=FALSE,"",ROW()-12) | I23: CASS 11
A24: FALSE | H24: =IF(A24=FALSE,"",ROW()-12) | I24: CASS 12

Sheet Welcome
F3: https://www.clientmoneyandassets.com/component/search/?searchword= | G3: &searchphrase=all&Itemid=101
C5: Control | F5: Configuration | I5: Export | L5: Licencing
B6: Welcome
B8: Free XLSX Version of the CASS Rules Mapping Spreadsheet
B9: We’re delighted to offer a complimentary lite version of our CASS Rules Mapping Spreadsheet for download on the CMAC website. This tool is designed to save thousands of man hours every year by downloading and reformatting the FCA CASS rules into a readily usable format for onward processing.
B10: Key Benefits:
B11: l Saves thousands of man hours per year
B12: l Pre-formatted for immediate use
B13: l CASS rules mapping template included
B14: l Helps CASS 6 & 7 firms comply with FRC requirements
B15: l Includes the full text of CASS 1, 1A, 3, 5, 6, 7, 7A, 8, 9, 10, 11, 12, 13 and 14
B16: l Can be used as a secondary data source to reconcile your primary rules mapping systems
B17: l Robotics extraction process ensures quality and accuracy
B18: l On-premise solution—no costly servers or software installation required
... B21: This tool is provided free of charge and for informational purposes only. All copyright in the CASS rules themselves is owned by the Financial Conduct Authority (FCA).

Sheet CASS 1
A1: =INDEX(Settings!$B$13:$B$26,MATCH(MID(CELL("filename",A1),FIND("]",CELL("filename",A1))+1,255),Settings!$I$13:$I$26,0)) -> CASS 1 - Application and general provisions
A3: Ref | B3: R/G | C3: Rule | D3: Effective Date | E3: Risk | F3: In Scope | G3: Responsible Individual | H3: Accountable Individual | I3: Operational Process | J3: Design Effectivness RAG | K3: Operating Effectivness RAG | L3: MI | M3: Notes
A4: _x000D_Application | D4: 0
A5: _x000D_CASS 1.1.1 | B5: G | C5: CASS applies to a firm as specified in the remainder of this chapter. | D5: 38322
A6: _x000D_Purpose | D6: 38322
A7: _x000D_CASS 1.1.2 | B7: G | C7: The purpose of this chapter is to set out to whom, for what activities, and within what territorial limits the rules, evidential provisions and guidance in CASS apply. | D7: 38322
A8: _x000D_General application: who? | D8: 38322
A9: _x000D_CASS 1.2.1 | B9: G | C9: The rules in CASS 1.2 set out the maximum scope of this sourcebook. The application of CASS is modified for certain activities by CASS 1.4. Also particular chapters or sections of CASS may have provisions which limit their application. | D9: 38322
A10: _x000D_CASS 1.2.2 | B10: R | C10: CASS applies to every firm, except as provided for in CASS 1.2.3 R, with respect to the carrying on of:_x000D_ (1) all regulated activities except to the extent that a provision of CASS provides for a narrower application; and_x000D_ _x000D_ (2) unregulated activities to the extent specified in any provision of CASS. | D10: 38322
A11: _x000D_CASS 1.2.3 | B11: R | C11: CASS does not apply to an ICVC.9 | D11: 44197
A12: _x000D_CASS 1.2.4 | B12: R | C12: With the exception of this chapter and the insurance client money chapter, CASS does2 not apply to:_x000D_ 2 (1) an authorised professional firm with respect to its non-mainstream regulated activities; or_x000D_ _x000D_ (2) the Society. | D12: 39387
A13: _x000D_CASS 1.2.5 | B13: R | C13: 1The insurance client money chapter2 does not apply to an authorised professional firm with respect to its non-mainstream regulated activities, which are insurance distribution activities8, if:_x000D_ 2 (1) the firm's designated professional body has made rules which implement article 10.68 of the IDD8;3_x000D_ 3_x000D_ (2) those rules have been approved by the FCA under section 332(5) of the Act; and_x000D_ _x000D_ (3) the firm is subject to the rules in the form in which they were approved. | D13: 43374
A14: _x000D_CASS 1.2.5A | B14: G | C14: (1) 8In the client money chapter and the insurance client money chapter, an insurance undertaking acts as such when it carries on the business of effecting or carrying out contracts of insurance. _x000D_ _x000D_ (2) An insurance undertaking does not act as such when it enters into a reinsurance contract as a client of the reinsurer. | D14: 43374
A15: _x000D_CASS 1.2.6 | B15: G | C15: [deleted]2_x000D_ 2 | D15: 39387
A16: _x000D_General application: what? | D16: 39387
A17: _x000D_CASS 1.2.7 | B17: G | C17: (1) [deleted]7_x000D_ 7_x000D_ (2) 7[deleted]7_x000D_ _x000D_ (3) [deleted]7_x000D_ 7_x000D_ (3A) [deleted]7_x000D_ 7_x000D_ (4) [deleted]7_x000D_ 7_x000D_ (5) [deleted]52_x000D_ 5_x000D_ (6) [deleted]7_x000D_ 7_x000D_ (7) The debt management client money chapter applies to CASS debt management firms receiving or holding client money for, or on behalf of, a client in the course of or in connection with debt management activity.6 | D17: 41821
A18: _x000D_2Application for retail clients, professional clients and eligible counterparties2 | D18: 41821
A19: _x000D_CASS 1.2.8 | B19: G | C19: (1) CASS applies directly in respect of activities conducted with or for all categories of clients.2_x000D_ 2_x000D_ (2) [deleted]5_x000D_ 2225_x000D_ (3) The insurance client money chapter2 does not generally distinguish between different categories of client. However, the term consumer4is used for those to 4whom additional obligations are owed, rather than the term retail client.2 This is to be consistent with the client categories used in 1the Insurance: New Conduct of Business sourcebook4._x000D_ 2424_x000D_ (4) Each provision in the collateral rules, 7custody chapter, 7 the client money chapter and CASS 9 (Information to clients) 7 makes it clear whether it applies to activities carried on for retail clients, professional clients or both. 2_x000D_ 57557_x000D_ (4A) 7There is no further modification of the rules in the chapters referred to in (4) for activities carried on for eligible counterparties. Such clients are treated in the same way as other professional clients for the purposes of these rules._x000D_ _x000D_ (5) The debt management client money chapter generally applies in respect of relevant dealings with the client category known as customers. In general, the client categories of retail clients, professional clients, as well as eligible counterparties, have no relevance to credit-related regulated activities, including debt management activities.6 | D19: 41821
A20: _x000D_CASS 1.2.9 | B20: G | C20: [deleted]2_x000D_ 2 | D20: 39387
A21: _x000D_Application for affiliates7 | D21: 39387
A22: _x000D_CASS 1.2.9A | B22: G | C22: (1) 7The fact that a firm'sclient is an affiliated company for MiFID business does not affect the operation of CASS to the firm in relation to that client._x000D_ _x000D_ (2) For business that is not MiFID business, the operation of the custody chapter or the client money chapter may differ if a firm'sclient is an affiliated company and depending on certain other conditions (see, for example, CASS 6.1.10B R and CASS 7.10.26 R7)._x000D_ 7 | D22: 42156
A23: _x000D_Investments and money held under different regimes | D23: 42156
A24: _x000D_CASS 1.2.10 | B24: R | C24: 2[deleted]5_x000D_ 5 | D24: 39814
A25: _x000D_CASS 1.2.11 | B25: R | C25: 7 (1) 7A firm must not keep money in respect of which any one of the following chapters applies in the same client bank account or client transaction account as money in respect of which another of the following chapters applies:_x000D_ (a) the client money chapter;_x000D_ _x000D_ (b) the insurance client money chapter;_x000D_ _x000D_ (c) the debt management client money chapter._x000D_ _x000D_ _x000D_ (2) 7In accordance with CASS 7.10.36 R7, a firm which is subject to the client money chapter and holds money both (i) in its capacity as a trustee firm and (ii) other than in its capacity as a trustee firm must not keep money held in its capacity as a trustee firm in the same client bank account or client transaction account as money held other than in its capacity as a trustee firm._x000D_ 7_x000D_ (3) 7To the extent that the restriction under (1) or (2) applies to a firm, the client bank accounts and client transaction accounts that a firm holds in respect of different chapters or in its different capacities (as the case may be) must be separately designated. | D25: 42156
A26: _x000D_CASS 1.2.12 | B26: G | C26: 2The purpose of the rules regarding the segregation of investments and money held under different regimes is to reduce the risk of confusion between assets held under different regimes either on an on-going basis or on the failure of a firm or a third party holding those assets. | D26: 39387
A27: _x000D_CASS 1.2.13 | B27: G | C27: 2A firm may, where permitted by the relevant rules7 opt to hold under a single chapter money that would otherwise be held under different chapters (see CASS 7.10.3 R and CASS 7.10.30 R7). However, making such an election does not remove the requirement under CASS 1.2.11R (1). 7_x000D_ 5 5 5 7 5 7 | D27: 42156
A28: _x000D_CASS 1.3.1 | B28: G | C28: The rules in CASS 1.3 set out the maximum territorial scope of this sourcebook. Particular rules3 may have express territorial limitations. | D28: 44197
A29: _x000D_UK establishments: general | D29: 44197
A30: _x000D_CASS 1.3.2 | B30: R | C30: CASS 1 to CASS 13 apply3 to every firm, in relation to regulated activities carried on by it from an establishment in the United Kingdom. | D30: 44197
A31: _x000D_CASS 1.3.2A | B31: G | C31: 3The territorial scope of CASS 14 is set out at CASS 14.1.6R. | D31: 44197
A32: _x000D_CASS 1.3.3 | B32: R | C32: [deleted] 2 | D32: 44197
A33: _x000D_CASS 1.3.4 | B33: R | C33: [deleted] 2_x000D_ 1 | D33: 44197
A34: _x000D_Occupational pension scheme firms (OPS firms) | D34: 44197
A35: _x000D_CASS 1.4.1 | B35: R | C35: In the case of OPS activity undertaken by an OPS firm, CASS applies with the following general modifications:_x000D_ (1) references to customer are to the OPS or welfare trust, whichever fits the case, in respect of which the OPS firm is acting or intends to act, and with or for the benefit of which the relevant activity is to be carried on; and_x000D_ _x000D_ (2) if an OPS firm is required by any rule in CASS to provide information to, or obtain consent from, a customer, that firm must ensure that the information is provided to, or consent obtained from, each of the trustees of the OPS or welfare trust in respect of which that firm is acting, unless the context requires otherwise. | D35: 38322
A36: _x000D_Stock lending activity with or for clients3 | D36: 38322
A37: _x000D_CASS 1.4.2 | B37: G | C37: 1 (1) The custody chapter and the client money chapter apply in respect of any stock lending activity that is undertaken with or for a client3 by a firm. 1_x000D_ 33333_x000D_ (2) The collateral rules apply, where relevant, in respect of stock lending activity.1_x000D_ 3 | D37: 39814
A38: _x000D_Corporate finance business | D38: 39814
A39: _x000D_CASS 1.4.3 | B39: G | C39: 1 (1) The custody chapter and the client money chapter apply in respect of corporate finance business that is undertaken by a firm.1_x000D_ 3333_x000D_ (2) The collateral rules apply, where relevant, in respect of corporate finance business.1_x000D_ 3 | D39: 39814
A40: _x000D_Oil market activity and energy market activity | D40: 39814
A41: _x000D_CASS 1.4.4 | B41: G | C41: 1 (1) The custody chapter and the client money chapter apply in respect of oil market activity and other energy market activity that is undertaken by a firm.1_x000D_ 3333_x000D_ (2) The collateral rules apply, where relevant, in respect of energy market activity.1_x000D_ 3 | D41: 39814
A42: _x000D_Appointed representatives and tied agents2 | D42: 39814
A43: _x000D_CASS 1.4.5 | B43: G | C43: (1) Although CASS does not apply directly to a firm's appointed representatives, a firm will always be responsible for the acts and omissions of its appointed representatives in carrying on business for which the firm has accepted responsibility (section 39(3) of the Act). In determining whether a firm has complied with any provision of CASS, anything done or omitted by a firm's1appointed representative (when acting as such) will be treated as having been done or omitted by the firm (section 39(4) of the Act1). Equally, CASS does not apply directly to tied agents. A MiFID investment firm will be fully and unconditionally responsible for the acts and omission of the tied agents that it appoints. 2_x000D_ 11_x000D_ (2) Firms should also refer to SUP 12 (Appointed representatives), which sets out requirements which apply to firms using appointed representatives and tied agents2. | D43: 39387
A44: _x000D_Depositaries | D44: 39387
A45: _x000D_CASS 1.4.6 | B45: R | C45: The client money chapter1 does 3not apply to a depositary when acting as such._x000D_ 1 3 3 | D45: 39814
A46: _x000D_CASS 1.4.6A | B46: G | C46: 5 Firms acting as trustee or depositary of an AIF are reminded of the obligations in FUND 3.11 (Depositaries) and Chapter IV (Depositary) of the AIFMD level 2 regulation which apply in addition to those in CASS. | D46: 41477
A47: _x000D_CASS 1.4.6B | B47: G | C47: 9 Firms acting as trustee or depositary of a UK UCITS 13 are reminded of the obligations in COLL 6.6B (UCITS depositaries) and in the UCITS level 2 regulation, 10which apply in addition to those in CASS. | D47: 44197
A48: _x000D_CASS 1.4.7 | B48: R | C48: Subject to CASS 1.4.6 R, 5CASS applies to a depositary, when acting as such, with the following general modifications9: 'client' means 'trustee', 'trust', 'AIF', 'AIFM acting on behalf of the AIF', ‘UCITS scheme’, ‘authorised fund manager acting on behalf of the UCITS scheme’, 9or 'collective investment scheme', as appropriate.5_x000D_ 5 5 | D48: 42447
A49: _x000D_CASS 1.4.8 | B49: R | C49: [deleted]7 | D49: 41821
A50: _x000D_CASS 1.4.8A | B50: R | C50: (1) 7The application of CASS for a trustee firm acting as a depositary is set out in CASS 1.4.6 R and CASS 1.4.7 R._x000D_ _x000D_ (2) The application of CASS for a trustee firm that is not acting as a depositary is limited as follows:_x000D_ (a) the mandate rules apply;_x000D_ _x000D_ (b) for MiFID business, the custody chapter and the client money chapter apply; and_x000D_ _x000D_ (c) for business that is not MiFID business, the custody chapter and the client money chapter apply only to trustee firms acting as trustees of personal pension schemes or stakeholder pension schemes, including SIPPs._x000D_ _x000D_ _x000D_ (3) To the extent that CASS applies to a trustee firm, it applies with the following general modification: 'client' means 'relevant trustee', 'trust', or 'beneficiary', as appropriate. | D50: 41821
A51: _x000D_Auction regulation bidding | D51: 41821
A52: _x000D_CASS 1.4.9 | B52: R | C52: [deleted]11_x000D_ 4 | D52: 43103
A53: _x000D_CASS 1.4.10 | B53: R | C53: [deleted]11_x000D_ 4 | D53: 43103
A54: _x000D_CASS 1.4.11 | B54: G | C54: [deleted]11_x000D_ 4 | D54: 43444
A55: _x000D_CASS 1.4.12 | B55: G | C55: [deleted]11_x000D_ 4 | D55: 43103
A56: _x000D_CASS 1.4.13 | B56: R | C56: [deleted]11_x000D_ 4 | D56: 43103
A57: _x000D_CASS 1.4.14 | B57: R | C57: [deleted]11_x000D_ 4 | D57: 43103
A58: _x000D_Debt management activities | D58: 43103
A59: _x000D_CASS 1.4.15 | B59: G | C59: (1) 6The debt management client money chapter applies to CASS debt management firms receiving or holding client money._x000D_ _x000D_ (2) The mandate rules apply, where relevant, to CASS debt management firms carrying on debt management activity. | D59: 41730
A60: _x000D_Application to electronic media | D60: 41730
A61: _x000D_CASS 1.5.1 | B61: G | C61: GEN 2.2.14 R (References to writing) has the effect that electronic media may be used to make communications that are required by the Handbook to be "in writing" unless a contrary intention appears. | D61: 38322
A62: _x000D_CASS 1.5.2 | B62: G | C62: For any electronic communication with a customer, a firm should:_x000D_ (1) have in place appropriate arrangements, including contingency plans, to ensure the secure transmission and receipt of the communication; it should also be able to verify the authenticity and integrity of the communication; the arrangements should be proportionate and take into account the different levels of risk in a firm's business;_x000D_ _x000D_ (2) be able to demonstrate that the customer wishes to communicate using this form of media; and_x000D_ _x000D_ (3) if entering into an agreement, make it clear to the customer that a contractual relationship is created that has legal consequences. | D62: 38322
A63: _x000D_CASS 1.5.3 | B63: G | C63: Firms should note that GEN 2.2.14 R does not affect any other legal requirement that may apply in relation to the form or manner of executing a document or agreement. | D63: 38322
A64: _x000D_CASS 1.5.4 | B64: G | C64: [deleted]1_x000D_ 1 | D64: 39387

Sheet CASS 1A
A1: =INDEX(Settings!$B$13:$B$26,MATCH(MID(CELL("filename",A1),FIND("]",CELL("filename",A1))+1,255),Settings!$I$13:$I$26,0)) -> CASS 1A - CASS firm classification and operational oversight
A3: Ref | B3: R/G | C3: Rule | D3: Effective Date | E3: Risk | F3: In Scope | G3: Responsible Individual | H3: Accountable Individual | I3: Operational Process | J3: Design Effectivness RAG | K3: Operating Effectivness RAG | L3: MI | M3: Notes
A4: _x000D_CASS 1A.1.1 | B4: R | C4: (1) 1Subject to (2), (3) and (4)3, this2 chapter applies to a firm to which either or both of CASS 6 (Custody rules) and CASS 7 (Client money rules) applies._x000D_ 23_x000D_ (2) In relation to a firm to which CASS 5 (Client money: insurance distribution6 activity) and CASS 7 (Client money rules) apply, this chapter does not apply in relation to client money that a firm holds in accordance with CASS 5. _x000D_ _x000D_ (3) The rules and guidance in CASS 1A.2 apply to a firm even if at the date of the determination or, as the case may be, the notification, either or both of CASS 6 and CASS 7 do not apply to it, provided that:_x000D_ (a) either or both of those chapters applied to it during part or all of the previous calendar year; or_x000D_ _x000D_ (b) it projects that either or both will apply to it in the current calendar year.2_x000D_ _x000D_ _x000D_ (4) This chapter does not apply to a firm to which only CASS 6 applies, applied or is projected to apply, merely because:43_x000D_ 4(a) it is, was, or is projected to be a firm which arranges safeguarding and administration of assets; or4_x000D_ _x000D_ (b) when acting as a small AIFM and in relation to excluded custody activities, it would be, would have been or would be projected to be a firm which arranges safeguarding and administration of assets but for the exclusion in article 72AA of the RAO.4 | D4: 43374
A5: _x000D_CASS 1A.1.2 | B5: R | C5: 5The rules and guidance in CASS 1A.2 (CASS firm classification) do not apply to a firm following its failure. | D5: 42942
A6: _x000D_CASS 1A.2.1 | B6: G | C6: The application of certain rules in this chapter depends upon the ‘CASS firm type’ within which a firm falls. The ‘CASS firm types’ are defined in accordance with CASS 1A.2.7 R. The ‘CASS firm type’ within which a firm falls is also used to determine whether it is required to have the CASS operational oversight function described in CASS 1A.3.1A R and1 whether 4the reporting obligations in SUP 16.14 (Client money and asset return) apply to it4._x000D_ 4 | D6: 41275
A7: _x000D_CASS 1A.2.2 | B7: R | C7: (1) A firm must once every year, and by the time it is required to make a notification in accordance with4CASS 1A.2.9R (4), determine whether it is a CASS large firm, CASS medium firm or a CASS small firm according to the amount of client money or safe custody assets which it holds, using the limits set out in the table in CASS 1A.2.7 R._x000D_ 4_x000D_ (2) For the purpose of determining its ‘CASS firm type’ in accordance with CASS 1A.2.7 R, a firm must:_x000D_ (a) if it currently holds client money or safe custody assets, calculate the higher of the highest total amount of client money and the highest total value of safe custody assets held during the previous calendar year ending on 31 December and use that figure to determine its ‘CASS firm type’;_x000D_ _x000D_ (b) if it did not hold client money or safe custody assets in the previous calendar year but projects that it will do so in the current calendar year, calculate the higher of the highest total amount of client money and the highest total value of safe custody assets that it projects that it will hold during that year and use that figure to determine its ‘CASS firm type’; but_x000D_ _x000D_ (c) in either case, exclude from its calculation any client money held in accordance with CASS 5 (Client money: insurance distribution activity) or CASS 13 (Claims management: client money).6_x000D_ 5 | D7: 43556
A8: _x000D_CASS 1A.2.3 | B8: R | C8: For the purpose of calculating the value of the total amounts of client money and safe custody assets that it holds on any given day during a calendar year a firm must:_x000D_ (1) in complying with CASS 1A.2.2R (2)(a), base its calculation upon internal reconciliations performed during the previous year;_x000D_ _x000D_ (2) in relation to client money or safe custody assets denominated in a currency other than sterling, translate the value of that money or that safe custody assets into sterling at the previous day’s closing spot exchange rate; and_x000D_ _x000D_ (3) in relation to safe custody assets only, calculate their total value using the previous day’s closing mark to market valuation, or if in relation to a particular safe custody asset none is available, the most recent available valuation. | D8: 40544
A9: _x000D_CASS 1A.2.4 | B9: G | C9: One of the consequences of CASS 1A.2.2 R is that a firm that determines itself to be a CASS small firm or a CASS medium firm will, at least if it exceeds during the course of a calendar year either of the limits in CASS 1A.2.7 R that applies to it, become in the next calendar year:_x000D_ (1) in the case of a CASS small firm, a CASS medium firm or a CASS large firm; and_x000D_ _x000D_ (2) in the case of a CASS medium firm, a CASS large firm. | D9: 40544
A10: _x000D_CASS 1A.2.5 | B10: R | C10: (1) Notwithstanding CASS 1A.2.2 R, provided that the conditions in (2) are satisfied a firm may elect to be treated:_x000D_ (a) as a CASS medium firm, in the case of a firm that is classed by the application of the limits in CASS 1A.2.7 R as a CASS small firm; and _x000D_ _x000D_ (b) as a CASS large firm, in the case of a firm that is classed by the application of the limits in CASS 1A.2.7 R as a CASS medium firm._x000D_ _x000D_ _x000D_ (2) The conditions to which (1) refers are that in either case:_x000D_ (a) the election is notified4 to the FCAin writing4;_x000D_ 44_x000D_ (b) the notification in accordance with (a) is made4 at least one week before the election is intended to take effect; and_x000D_ 4_x000D_ (c) the FCA has not objected. | D10: 41365
A11: _x000D_CASS 1A.2.6 | B11: G | C11: CASS 1A.2.5 R provides a firm with the ability to opt in to a higher category of ‘CASS firm type’. This may be useful for a firm whose holding of client money and safe custody assets is near the upper categorisation limit for a CASS small firm or a CASS medium firm. | D11: 40544
A12: _x000D_CASS 1A.2.7 | B12: R | C12: CASS firm types_x000D_ _x000D_ _x000D_ CASS firm type_x000D_ _x000D_ Highest total amount of client money held during the firm’s last calendar year or as the case may be that it projects that it will hold during the current calendar year_x000D_ _x000D_ Highest total value of safe custody assets held by the firm during the firm's last calendar year or as the case may be that it projects that it will hold during the current calendar year_x000D_ _x000D_ _x000D_ _x000D_ CASS large firm _x000D_ _x000D_ more than £1 billion _x000D_ _x000D_ more than £100 billion _x000D_ _x000D_ _x000D_ CASS medium firm _x000D_ _x000D_ an amount equal to or greater than £1 million and less than or equal to £1 billion_x000D_ _x000D_ an amount equal to or greater than £10 million and less than or equal to £100 billion_x000D_ _x000D_ _x000D_ CASS small firm _x000D_ _x000D_ less than £1 million_x000D_ _x000D_ less than £10 million | D12: 40544
A13: _x000D_CASS 1A.2.8 | B13: R | C13: [deleted]4 | D13: 41275
A14: _x000D_CASS 1A.2.8A | B14: R | C14: [deleted]4 | D14: 41275
A15: _x000D_CASS 1A.2.9 | B15: R | C15: Once every calendar year a firm must notify to the FCA in writing the information specified in (1), (2) or (3) as applicable, and the information specified in (4), in each case no later than the day specified in (1) to (4):4_x000D_ 4 (1) if it held client money or safe custody assets in the previous calendar year, the highest total amount of client money and the highest total value of safe custody assets held during the previous calendar year, notification of which must be made no later than the fifteenth business day of January; or4_x000D_ 4_x000D_ (2) if it did not hold client money or safe custody assets in the previous calendar year but at any point up to the fifteenth business day of January the firm projects that it will do so in the current calendar year, the highest total amount of client money and the highest total value of safe custody assets that the firm projects that it will hold during the current calendar year, notification of which must be made no later than the fifteenth business day of January4; or_x000D_ 4_x000D_ (3) in any other case, the highest total amount of client money and the highest total value of safe custody assets that the firm projects that it will hold during the remainder of the current calendar year, notification of which must be made no later than the business day before the firm begins to hold client money or safe custody assets4; and_x000D_ 44_x000D_ (4) in every case, of its ‘CASS firm type’ classification, notification of which must be made at the same time the firm makes the notification under (1), (2) or (3)4. | D15: 41365
... A30: _x000D_CASS 1A.3.3 | B30: R | C30: (1) Subject to (2), a firm must make and retain an appropriate record of the person to whom responsibility is allocated in accordance with CASS 1A.3.1 R, CASS 1A.3.1A R or CASS 1A.3.1C R (2)2.1_x000D_ _x000D_ (2) A CASS small firm must make and retain such a record only where it allocates responsibility to a person other than the person in that firm who performs the compliance oversight function._x000D_ _x000D_ (3) A firm must ensure that the record made under this rule is retained for a period of five years after it is made. | D30: 41275

Sheet CASS 3
A1: =INDEX(Settings!$B$13:$B$24,MATCH(MID(CELL("filename",A1),FIND("]",CELL("filename",A1))+1,255),Settings!$I$13:$I$24,0)) -> CASS 3 - Collateral
A3: Ref | B3: R/G | C3: Rule | D3: Effective Date | E3: Risk | F3: In Scope | G3: Responsible Individual | H3: Accountable Individual | I3: Operational Process | J3: Design Effectivness RAG | K3: Operating Effectivness RAG | L3: MI | M3: Notes
A4: _x000D_Application | D4: 0
A5: _x000D_CASS 3.1.1 | B5: R | C5: This chapter1 applies to a firm when it receives or holds assets in connection with an arrangement to secure the obligation of a client in the course of, or in connection with, its designated investment business, including MiFID business1._x000D_ 1 | D5: 39387
A6: _x000D_CASS 3.1.2 | B6: G | C6: Firms are reminded that 4the application of this chapter is also dependent on the location from which the activity is undertaken (see CASS 1.3.2R4)._x000D_ 1 1 1 1 | D6: 44197
A7: _x000D_CASS 3.1.3 | B7: R | C7: This chapter1 does not apply to a firm that has only a bare security interest (without rights to hypothecate) in the client's asset. In such circumstances, the firm must comply with the custody rules or client money rules as appropriate. _x000D_ 1 | D7: 39387
A8: _x000D_CASS 3.1.4 | B8: G | C8: For the purpose of this chapter1 only, a bare security interest in the client's asset gives a firm the right to realise the assets only on a client's default and without the right to use other than in default. _x000D_ 1 | D8: 39387
A9: _x000D_Purpose | D9: 39387
A10: _x000D_CASS 3.1.5 | B10: G | C10: The purpose of this chapter1 is to ensure that an appropriate level of protection is provided for those assets over which a client gives a firm certain rights. The arrangements covered by this chapter1 are those under which the firm is given a right to use the asset, and the firm treats the asset as if legal title and associated rights to that asset had been transferred to the firm subject only to an obligation to return equivalent assets to the client upon satisfaction of the client's obligation to the firm. The rights covered in this chapter1 do not include those arrangements by which the firm has only a bare security interest in the client's asset (in which case the custody rules or client money rules apply). _x000D_ 1 1 1 | D10: 39387
A11: _x000D_CASS 3.1.6 | B11: G | C11: Examples of the arrangements covered by this chapter1 include the taking of collateral by a firm, under the ISDA English Law (transfer of title) and the New York Law Credit Support Annexes (assuming the right to rehypothecate has not been disapplied)._x000D_ 1 | D11: 39387
A12: _x000D_CASS 3.1.7 | B12: G | C12: This chapter1 recognises the need to apply a differing level of regulatory protection to the assets which form the basis of the two different types of arrangement described in CASS 3.1.5 G. Under the bare security interest arrangement, the asset continues to belong to the client until the firm's right to realise that asset crystallises (that is, on the client's default). But under a "right to use arrangement", the client has transferred to the firm the legal title and associated rights to the asset, so that when the firm exercises its right to treat the asset as its own, the asset ceases to belong to the client and in effect becomes the firm's asset and is no longer in need of the full range of client asset protection. The firm may exercise its right to treat the asset as its own by, for example, clearly so identifying the asset in its own books and records._x000D_ 1 | D12: 39387
A13: _x000D_CASS 3.1.7A | B13: G | C13: 3 Firms are reminded of the client's best interests rule which requires a firm to act honestly, fairly and professionally, in accordance with the best interests of its clients, when agreeing to, entering into, exercising its rights under and fulfilling its obligations under an arrangement covered by this chapter, and when structuring its business to include such arrangements. | D13: 41821
A14: _x000D_CASS 3.1.8 | B14: G | C14: 2A prime brokerage firm is reminded of the additional obligations in CASS 9.3.1R which apply to prime brokerage agreements. | D14: 40603
A15: _x000D_Application1 | D15: 40603
A16: _x000D_CASS 3.2.1 | B16: R | C16: [deleted]2_x000D_ 2 | D16: 39387
A17: _x000D_CASS 3.2.2 | B17: R | C17: A firm that receives or holds a client's assets under an arrangement to which this chapter2 applies and which exercises its right to treat the assets as its own must ensure that it maintains adequate records to enable it to meet any future obligations including the return of equivalent assets to the client._x000D_ 2 | D17: 39387
A18: _x000D_CASS 3.2.3 | B18: G | C18: If the firm has the right to use the client's asset under a "right to use arrangement" but has not yet exercised its right to treat the asset as its own, the client money rules or the custody rules will continue to apply as appropriate until such time as the firm exercises its right, at which time CASS 3.2.2 R will apply. | D18: 38322
A19: _x000D_CASS 3.2.4 | B19: G | C19: When appropriate, firms that enter into the arrangements with retail clients 3 covered in this chapter 2will be expected to identify in the statement of custody assets sent to the client in accordance with COBS 16.4 (Statements of client designated investments or client money), article 63 of the MiFID Org Regulation (see COBS 16A.5)5 or CASS 9.5 (Reporting to clients on request)4 details of the assets which form the basis of the arrangements. Where the firm utilises global netting arrangements, a statement of the assets held on this basis will suffice. _x000D_ 2 3 3 | D19: 43103

Sheet CASS 5
A1: =INDEX(Settings!$B$13:$B$24,MATCH(MID(CELL("filename",A1),FIND("]",CELL("filename",A1))+1,255),Settings!$I$13:$I$24,0)) -> CASS 5 - Client money: insurance distribution activity
A3: Ref | B3: R/G | C3: Rule | D3: Effective Date | E3: Risk | F3: In Scope | G3: Responsible Individual | H3: Accountable Individual | I3: Operational Process | J3: Design Effectivness RAG | K3: Operating Effectivness RAG | L3: MI | M3: Notes
A4: _x000D_CASS 5.1.1 | B4: R | C4: (1) CASS 5.1 to CASS 5.6 apply, subject to (2), (3) and CASS 5.1.3 R to CASS 5.1.6 R, to a firm that receives or holds money in the course of or in connection with its insurance distribution activity8._x000D_ _x000D_ (2) CASS 5.1 to CASS 5.6 do not, subject to (3), apply:_x000D_ (a) to a firm to the extent that it acts in accordance with the client money chapter; or6_x000D_ 4_x000D_ (b) [deleted]8_x000D_ _x000D_ (c) to an insurance undertaking in respect of its permitted activities; or_x000D_ _x000D_ (d) to a managing agent when acting as such; or_x000D_ _x000D_ (e) with respect to money held by a firm which:_x000D_ (i) is an approved bank; and_x000D_ _x000D_ (ii) has requisite capital under article 10(6)(b)8 of the IDD8;_x000D_ 55_x000D_ _x000D_ but only when held by the firm in an account with itself, in which case the firm must notify the client (whether through a client agreement, terms of business, or otherwise in writing) that:_x000D_ (iii) money held for that client in an account with the approved bank will be held by the firm as banker and not as trustee (or in Scotland as agent); and_x000D_ _x000D_ (iv) as a result, the money will not be held in accordance with CASS 5.1 to CASS 5.6._x000D_ _x000D_ _x000D_ _x000D_ (3) A firm may elect to comply with:_x000D_ (a) [deleted]8_x000D_ _x000D_ (b) CASS 5.1, CASS 5.2 and CASS 5.4 to CASS 5.6 in respect of money which it receives in the course of carrying on an activity which would be insurance distribution activity8, and which money would be client money, but for article 72D of the Regulated Activities Order (Large risks contracts where risk situated outside the EEA);_x000D_ _x000D_ _x000D_ but the election must be in respect of all the firm's business which consists of that activity._x000D_ _x000D_ (4) A firm must keep a record of any election in (3). | D4: 43374
A5: _x000D_CASS 5.1.2 | B5: G | C5: A firm that is an approved bank, and relies on the exemption under CASS 5.1.1 R (2)(e), should be able to account to all of its clients for amounts held on their behalf at all times. A bank account opened with the firm that is in the name of the client would generally be sufficient. When money from clients deposited with the firm is held in a pooled account, this account should be clearly identified as an account for clients. The firm should also be able to demonstrate that an amount owed to a specific client that is held within the pool can be reconciled with a record showing that individual's client balance and is, therefore, identifiable at any time. | D5: 38366
A6: _x000D_CASS 5.1.3 | B6: R | C6: An authorised professional firm regulated by The Law Society (of England and Wales), The Law Society of Scotland or The Law Society of Northern Ireland that, with respect to its regulated activities, is subject to 7the rules of its designated professional body as specified in CASS 5.1.4 R, in force on 14 January 2005, must comply with those rules7 and if it does so, it will be deemed to comply with CASS 5.2 to CASS 5.6._x000D_ 7 | D6: 40886
A7: _x000D_CASS 5.1.4 | B7: R | C7: For the purposes of CASS 5.1.3 R the relevant rules are:_x000D_ (1) If regulated by the Law Society (of England and Wales);_x000D_ (a) the Solicitors' Accounts Rules 1998; or_x000D_ _x000D_ (b) where applicable, the Solicitors Overseas Practice Rules 1990;_x000D_ _x000D_ _x000D_ (2) if regulated by the Law Society of Scotland, the Solicitors' (Scotland) Accounts, Accounts Certificate, Professional Practice and Guarantee Fund Rules 2001;_x000D_ _x000D_ (3) if regulated by the Law Society of Northern Ireland, the Solicitors' Accounts Regulations 1998. | D7: 38366
A8: _x000D_CASS 5.1.4A | B8: R | C8: (1) 3A firm will, subject to (3), be deemed to comply with CASS 5.3 to CASS 5.6 if it receives or holds client money and it either:2_x000D_ (a) in relation to a service charge, complies with the requirement to segregate such money in accordance with section 42 of the Landlord and Tenant Act 1987 ("the 1987 Act"); or_x000D_ 2_x000D_ (b) in relation to money which is clients' money for the purpose of the Royal Institution of Chartered Surveyors' Rules of Conduct ("RICS rules") in force as at 14 January 2005, it complies with the requirement to segregate and account for such money in accordance with the RICS Members' Accounts rules.2_x000D_ _x000D_ _x000D_ (2) Paragraph (1)(a)2 also applies to a firm in Scotland or in Northern Ireland if in acting as a property manager the firm receives or holds a service charge and complies (so far as practicable) with section 42 of the 1987 Act as if the requirements of that provision applied to it._x000D_ _x000D_ (3) In addition to complying with (1), a firm must ensure that an account in which money held pursuant to the trust fund mentioned in section 42(3) of the 1987 Act or an account maintained in accordance with the RICS rules 2satisfies the requirements in CASS 5.5.49 R to the extent that the firm will hold money as trustee or otherwise on behalf of its clients._x000D_ 2 | D8: 38366
A9: _x000D_CASS 5.1.5 | B9: R | C9: Subject to CASS 5.1.5A Rmoney is not client money when:3_x000D_ (1) it becomes properly due and payable to the firm:_x000D_ (a) for its own account; or_x000D_ _x000D_ (b) in its capacity as agent of an insurance undertaking where the firm acts in accordance with CASS 5.2; or_x000D_ _x000D_ _x000D_ (2) it is otherwise received by the firm pursuant to an arrangement made between an insurance undertaking and another person (other than a firm) by which that other person has authority to underwrite risks, settle claims or handle refunds of premiums on behalf of that insurance undertaking outside the United Kingdom and where the money relates to that business. | D9: 38366
A10: _x000D_CASS 5.1.5A | B10: R | C10: 3 CASS 5.1.5 R (1)(b) and CASS 5.1.5 R (2) do not apply, and hence money is client money, in any case where:_x000D_ (1) in relation to an activity specified in CASS 5.2.3 R (1) (a) to CASS 5.2.3 R (1) (c), the insurance undertaking has agreed that the firm may treat money which it receives and holds as agent of the undertaking, as client money and in accordance with the provisions of CASS 5.3 to CASS 5.6; and_x000D_ _x000D_ (2) the agreement in (1) is in writing and adequate to show that the insurance undertaking consents to its interests under the trusts (or in Scotland agency) in CASS 5.3.2 R or CASS 5.4.7 R being subordinated to the interests of the firm's other clients. | D10: 38366
A11: _x000D_CASS 5.1.6 | B11: R | C11: Except where a firm and an insurance undertaking have (in accordance with CASS 5.1.5A R) agreed otherwise, for the purposes of 3CASS 5.1 to CASS 5.6 an insurance undertaking (when acting as such) with whom a firm conducts insurance distribution activity8 is not to be treated as a client of the firm. | D11: 43374
A12: _x000D_Purpose | D12: 43374
A13: _x000D_CASS 5.1.7 | B13: G | C13: (1) Principle 10 (Clients' assets) requires a firm to arrange adequate protection for clients' assets when the firm is responsible for them. An essential part of that protection is the proper accounting and handling of client money. The rules in CASS 5.1 to CASS 5.6 also give effect to the requirement in article 10.68 of the IDD8 that all necessary measures should be taken to protect clients against the inability of an insurance intermediary to transfer premiums to an insurance undertaking or to transfer the proceeds of a claim or premium refund to the insured._x000D_ 55_x000D_ (2) There are two particular approaches which firms can adopt which reflect options given in article 10.68. The first is to provide by law or contract for a transfer of risk from the insurance intermediary to the insurance undertaking (CASS 5.2). The second is that client money is strictly segregated by being transferred to client accounts that cannot be used to reimburse other creditors in the event of the firm's insolvency (CASS 5.3 and CASS 5.4 provide different means of achieving such segregation). CASS 5.1.5A R permits a firm subject to certain conditions to treat money which it collects as agent of an insurance undertaking as client money; the principle of strict segregation is, however, satisfied because such undertakings must agree to their interests being subordinated to the interests of the firm's other clients.3 | D13: 43374
A14: _x000D_CASS 5.1.8 | B14: G | C14: A firm which carries on MiFID business or designated investment business in relation to life assurance business may, in accordance with CASS 7.10.3R and in relation to that business only, either comply with CASS 7 or elect to comply with the insurance client money chapter.8_x000D_ 4 4 4 4 4 4 5 4 | D14: 43374
A15: _x000D_CASS 5.1.9 | B15: G | C15: Firms are reminded that SUP 3 contains provisions which are relevant to the preparation and delivery of reports by auditors. | D15: 38366
A16: _x000D_Introduction | D16: 38366
A17: _x000D_CASS 5.2.1 | B17: G | C17: If a firm holds money as agent of an insurance undertaking then the firm'sclients (who are not insurance undertakings) will be adequately protected to the extent that the premiums which it receives are treated as being received by the insurance undertaking when they are received by the agent and claims money and premium refunds will only be treated as received by the client when they are actually paid over. The rules in CASS 5.2 make provision for agency agreements between firms and insurance undertakings to contain terms which make clear when money should be held by a firm as agent of an undertaking. Firms should refer to CASS 5.1.5 R to determine the circumstances in which they may treat money held on behalf of insurance undertakings as client money.1 | D17: 38366
A18: _x000D_CASS 5.2.2 | B18: G | C18: (1) Agency agreements between insurance intermediaries and insurance undertakings may be of a general kind and facilitate the introduction of business to the insurance undertaking. Alternatively, an agency agreement may confer on the intermediary contractual authority to commit the insurance undertaking to risk or authority to settle claims or handle premium refunds (often referred to as "binding authorities"). CASS 5.2.3 R requires that binding authorities of this kind must provide that the intermediary is to act as the agent of the insurance undertaking for the purpose of receiving and holding premiums (if the intermediary has authority to commit the insurance undertaking to risk), claims monies (if the intermediary has authority to settle claims on behalf of the insurance undertaking) and premium refunds (if the intermediary has authority to make refunds of premium on behalf of the insurance undertaking). Accordingly such money is not, except where a firm and an insurance undertaking have in compliance with CASS 5.1.5A R agreed otherwise, 1client money for the purposes of CASS 5._x000D_ _x000D_ (2) Other introductory agency agreements may also, depending on their precise terms, satisfy some or all of the requirements of the type of written agreement described in CASS 5.2.3 R1. It is desirable that an intermediary should, before informing its clients (in accordance with CASS 5.2.3 R (3)) that it will receive money as agent of an insurance undertaking, agree the terms of that notification with the relevant insurance undertakings. | D18: 38366
A19: _x000D_Requirement for written agreement before acting as agent of an insurance undertaking | D19: 38366
A20: _x000D_CASS 5.2.3 | B20: R | C20: (1) A firm must not agree to:_x000D_ (a) deal in investments as agent for an insurance undertaking in connection with an insurance distribution activity3; or_x000D_ _x000D_ (b) act as agent for an insurance undertaking for the purpose of settling claims or handling premium refunds; or_x000D_ _x000D_ (c) otherwise receive money as agent of an insurance undertaking;_x000D_ _x000D_ _x000D_ unless:_x000D_ (d) it has entered into a written agreement with the insurance undertaking to that effect; and_x000D_ _x000D_ (e) it is satisfied on reasonable grounds that the terms of the policies issued by the insurance undertaking to the firm'sclients are likely to be compatible with such an agreement; and_x000D_ _x000D_ (f) (i) (in the case of (a)) the agreement required by (d) expressly provides for the firm to act as agent of the insurance undertaking for the purpose of receiving premiums from the firm'sclients; and_x000D_ _x000D_ (ii) (in the case of (b)) the agreement required by (d) expressly provides for the firm to act as agent of the insurance undertaking for the purpose of receiving and holding claims money (or, as the case may be, premium refunds) prior to transmission to the client2 making the claim (or, as the case may be, entitled to the premium refund) in question._x000D_ _x000D_ _x000D_ _x000D_ (2) A firm must retain a copy of any agreement it enters pursuant to (1) for a period of at least six years from the date on which it is terminated._x000D_ _x000D_ (3) Where a firm holds, or is to hold, money as agent for an insurance undertaking it must ensure that it informs those of its clients which are not insurance undertakings and 1whose transactions may be affected by the arrangement (whether in its terms of business, client agreements or otherwise in writing) that it will hold their money as agent of the insurance undertaking and if necessary the extent of such agency and whether it includes all items of client money or is restricted, for example, to the receipt of premiums._x000D_ _x000D_ (4) A firm may (subject to the consent of the insurance undertaking concerned) include in an agreement in (1) provision for client money received by its 1appointed representative, field representatives and other agents1 to be held as agent for the insurance undertaking (in which event it must ensure that the representative or agent 1provides the information to clients required by (3)). | D20: 43374
A21: _x000D_CASS 5.2.4 | B21: G | C21: Firms are reminded that CASS 5.1.5A R1 provides that, if the insurance undertaking has agreed in writing, 1money held in accordance with an agreement made under CASS 5.2.3 R may be treated as 1client money and may (but not otherwise) 1be kept in a client bank account. | D21: 38366
A22: _x000D_CASS 5.2.5 | B22: G | C22: A firm which provides for the protection of a client(which is not an insurance undertaking) 1under CASS 5.2 is relieved of the obligation to provide protection for that client under CASS 5.3 or CASS 5.4 to the extent of the items of client 1money protected by the agency agreement. | D22: 38366
A23: _x000D_CASS 5.2.6 | B23: G | C23: A firm may,1 in accordance with CASS 5.2.3 R (4), arrange for an insurance undertaking to accept responsibility for the money held by its appointed representatives, field representatives, and other agents, in which event CASS 5.5.18 R to CASS 5.5.25 G will not apply.1 | D23: 38366
A24: _x000D_CASS 5.2.7 | B24: G | C24: A firm may operate on the basis of an agency agreement as provided for by CASS 5.2.3 R for some of its clients and with protection provided by a client money trust in accordance with CASS 5.3 or CASS 5.4 for other clients. A firm may also operate on either basis for the same client but in relation to different transactions. A firm which does so should be satisfied that its administrative systems and controls are adequate and, in accordance with CASS 5.2.4 G, should ensure that money held for both types of client and business is kept separate. | D24: 38366
A25: _x000D_CASS 5.3.1 | B25: G | C25: Section 137B(1) of the Act (Miscellaneous ancillary matters) provides that rules may make provision which results in client money being held by a firm on trust (England and Wales and Northern Ireland) or as agent (Scotland only). CASS 5.3.2 R creates a fiduciary relationship between the firm and its client under which client money is in the legal ownership of the firm but remains in the beneficial ownership of the client. In the event of failure of the firm, costs relating to the distribution of client money may have to be borne by the trust. | D25: 41365
A26: _x000D_CASS 5.3.2 | B26: R | C26: A firm (other than a firm acting in accordance with CASS 5.4) receives and holds client money as trustee (or in Scotland as agent) on the following terms:_x000D_ (1) for the purposes of and on the terms of CASS 5.3, CASS 5.5 and the client money (insurance) distribution rules;_x000D_ _x000D_ (2) subject to (4),1 for the clients (other than clients which are insurance undertakings when acting as such)1 for whom that money is held, according to their respective interests in it;_x000D_ _x000D_ (3) after all valid claims in (2) have been met, for clients which are insurance undertakings according to their respective interests in it;1_x000D_ _x000D_ (4) on the 1failure of the firm, for the payment of the costs properly attributable to the distribution of the client money in accordance with (2) and (3)1; and_x000D_ _x000D_ (5) after all valid claims and costs under (2) to (4) 1have been met, for the firm itself. | D26: 38366
A27: _x000D_CASS 5.3.3 | B27: G | C27: (1) A firm which holds client money can discharge its obligation to ensure adequate protection for its clients in respect of such money by complying with CASS 5.3 which provides for such money to be held by the firm on the terms of a trust imposed by the rules._x000D_ _x000D_ (2) The trust imposed by CASS 5.3 is limited to a trust in respect of client money which a firm receives and holds. The consequential and supplementary requirements in CASS 5.5 are designed to secure the proper segregation and maintenance of adequate client money balances. In particular, CASS 5.5 does not permit a firm to use client money balances to provide credit for clients (or potential clients) such that, for example, their premium obligations may be met in advance of the premium being remitted to the firm. A firm wishing to provide credit for clients may however do so out of its own funds. | D27: 38366
A28: _x000D_Introduction | D28: 38366
A29: _x000D_CASS 5.4.1 | B29: G | C29: (1) CASS 5.4 permits a firm, which has adequate resources, systems and controls, to declare a trust on terms which expressly authorise it, in its capacity as trustee, to make advances of credit to the firm'sclients. The client money trust required by CASS 5.4 extends to such debt obligations which will arise if the firm, as trustee, makes credit advances, to enable a client's3premium obligations to be met before the premium is remitted to the firm and similarly if it allows claims and premium refunds to be paid to the client before receiving remittance of those monies from the insurance undertaking._x000D_ _x000D_ (2) CASS 5.4 does not permit a firm to make advances of credit to itself out of the client money trust. Accordingly, CASS 5.4 does not permit a firm to withdraw commission from the client money trust before it has received the premium from the client in relation to the non-investment insurance contract which generated the commission. | D29: 40274
A30: _x000D_Voluntary nature of this section | D30: 40274
A31: _x000D_CASS 5.4.2 | B31: R | C31: A firm may elect to comply with the requirements in this section, and may do so for some of its business whilst complying with CASS 5.3 for other parts. | D31: 38366
A32: _x000D_CASS 5.4.3 | B32: R | C32: A firm is not subject to CASS 5.3 when and to the extent that it acts in accordance with this section. | D32: 38366
A33: _x000D_Conditions for using the non-statutory client money trust | D33: 38366
A34: _x000D_CASS 5.4.4 | B34: R | C34: A firm may not handle client money in accordance with the rules in this section unless each of the following conditions is satisfied:_x000D_ (1) the firm must have and maintain systems and controls which are adequate to ensure that the firm is able to monitor and manage its client money transactions and any credit risk arising from the operation of the trust arrangement and, if in accordance with CASS 5.4.2 R a firm complies with both the rules in CASS 5.3 and CASS 5.4, such systems and controls must extend to both arrangements;_x000D_ _x000D_ (2) the firm must obtain, and keep current, written confirmation from its auditor that it has in place systems and controls which are adequate to meet the requirements in (1);_x000D_ _x000D_ (3) the firm must designate a manager with responsibility for overseeing the firm's day to day compliance with the systems and controls in (1) and the rules in this section; _x000D_ _x000D_ (4) the firm (if, under the terms of the non-statutory trust, it is to handle client money for retail customers) must have and at all times maintain capital resources of not less than £50,000 calculated in accordance with 2MIPRU 4.4.1 R; and_x000D_ 2_x000D_ (5) in relation to each of the clients for whom the firm holds money in accordance with CASS 5.4, the firm must take reasonable steps to ensure that its terms of business or other client agreements adequately explain, and obtain the client's informed consent to, the firm holding the client'smoney in accordance with CASS 5.4 (and in the case of a client which is an insurance undertaking (when acting as such) there must be an agreement which satisfies CASS 5.1.5A R)1. | D34: 39083
A35: _x000D_CASS 5.4.5 | B35: G | C35: The amount of a firm's capital resources maintained for the purposes of 2MIPRU 4.2.11 R2 will also satisfy (in whole or in part) the requirement in CASS 5.4.4 R (4). | D35: 39083
A36: _x000D_Client money to be received under the non-statutory client money trust | D36: 39083
A37: _x000D_CASS 5.4.6 | B37: R | C37: Except to the extent that a firm acts in accordance with CASS 5.3, a1firm must not receive or hold any client money unless it does so as trustee (or, in Scotland, as agent) and has properly executed a deed (or equivalent formal document) to that effect. | D37: 38366
A38: _x000D_Contents of trust deed | D38: 38366
A39: _x000D_CASS 5.4.7 | B39: R | C39: The deed referred to in CASS 5.4.6 R must provide that the money (and, if appropriate, designated investments) are held:_x000D_ (1) for the purposes of and on the terms of:_x000D_ (a) CASS 5.4;_x000D_ _x000D_ (b) the applicable provisions of CASS 5.5; and_x000D_ _x000D_ (c) the client money (insurance) distribution rules_x000D_ _x000D_ _x000D_ (2) subject to (41), for the clients (other than clients which are insurance undertakings when acting as such) 1for whom that money is held, according to their respective interests in it;_x000D_ _x000D_ (3) after all valid claims in (2) have been met for clients which are insurance undertakings according to their respective interests in it;1_x000D_ _x000D_ (4) on failure of the firm, for the payment of the costs properly attributable to the distribution of the client money in accordance with (2) and (3)1; and_x000D_ _x000D_ (5) after all valid claims and costs under (2) to (4) 1have been met, for the firm itself. | D39: 38366
A40: _x000D_CASS 5.4.8 | B40: R | C40: The deed (or equivalent formal document) referred to in CASS 5.4.6 R may provide that:_x000D_ (1) the firm, acting as trustee (or, in Scotland, as agent), has power to make advances or give credit to clients or insurance undertakings from client money, provided that it also provides that any debt or other obligation of a client or resulting obligation of an insurance undertaking, in relation to an advance or credit, is held on the same terms as CASS 5.4.7 R;_x000D_ _x000D_ (2) the benefit of a letter of credit or unconditional guarantee provided by an approved bank on behalf of a firm to satisfy any shortfall in the firm'sclientmoney resource (as calculated under CASS 5.5.65 R) when compared with the firm's client money requirement (as calculated under CASS 5.5.66 R or as appropriate CASS 5.5.68 R), is held on the same terms as CASS 5.4.7 R. | D40: 38366
A41: _x000D_Application | D41: 38366
A42: _x000D_CASS 5.5.1 | B42: R | C42: Unless otherwise stated each of the provisions in CASS 5.5 applies to firms which are acting in accordance with CASS 5.3 (Statutory trust) or CASS 5.4 (Non-statutory trust). | D42: 38366
A43: _x000D_CASS 5.5.2 | B43: G | C43: One purpose of CASS 5.5 is to ensure that, unless otherwise permitted, client money is kept separate from the firm's own money. Segregation, in the event of a firm's failure, is important for the effective operation of the trust that is created to protect client money. The aim is to clarify the difference between client money and general creditors' entitlements in the event of the failure of the firm. | D43: 38366
A44: _x000D_Requirement to segregate | D44: 38366
A45: _x000D_CASS 5.5.3 | B45: R | C45: A firm must, except to the extent permitted by CASS 5.5, hold client money separate from the firm'smoney. | D45: 38366
A46: _x000D_Money due to a client from a firm | D46: 38366
A47: _x000D_CASS 5.5.4 | B47: R | C47: If a firm is liable to pay money to a client, it must as soon as possible, and no later than one business day after the money is due and payable:_x000D_ (1) pay it into a client bank account, in accordance with CASS 5.5.5 R; or_x000D_ _x000D_ (2) pay it to, or to the order of, the client. | D47: 38366
A48: _x000D_Segregation | D48: 38366
A49: _x000D_CASS 5.5.5 | B49: R | C49: A firm must segregate client money by either:_x000D_ (1) paying it as soon as is practicable into a client bank account; or_x000D_ _x000D_ (2) paying it out in accordance with CASS 5.5.80 R. | D49: 38366
A50: _x000D_CASS 5.5.6 | B50: G | C50: The FCA expects that in most circumstances it will be practicable for a firm to pay client money into a client bank account by not later than the next business day after receipt. | D50: 41365
A51: _x000D_CASS 5.5.7 | B51: G | C51: Where an insurance transaction involves more than one firm acting in a chain such that for example money is transferred from a "producing" broker who has received client money from a consumer5 to an intermediate broker and thereafter to an insurance undertaking, each broker firm will owe obligations to its immediate client to segregate client money which it receives (in this example the producing broker in relation to the consumer5and the intermediate broker in relation to the producing broker). A firm which allows a third party broker to hold or control client money will not thereby be relieved of its fiduciary obligations (see CASS 5.5.34 R)._x000D_ 5 5 | D51: 39453
A52: _x000D_CASS 5.5.8 | B52: R | C52: A firm may segregate client money in a different currency from that of receipt. If it does so, the firm must ensure that the amount held is adjusted at intervals of not more than twenty five business days to an amount at least equal to the original currency amount (or the currency in which the firm has its liability to its clients, if different), translated at the previous day's closing spot exchange rate. | D52: 38366
A53: _x000D_CASS 5.5.9 | B53: R | C53: A firm must not hold money other than client money in a client bank account unless it is:_x000D_ (1) a minimum sum required to open the account, or to keep it open; or_x000D_ _x000D_ (2) money temporarily in the account in accordance with CASS 5.5.16 R (Withdrawal of commission and mixed remittance); or_x000D_ _x000D_ (3) interest credited to the account which exceeds the amount due to clients as interest and has not yet been withdrawn by the firm. | D53: 38366
A54: _x000D_CASS 5.5.10 | B54: R | C54: If it is prudent to do so to ensure that client money is protected (and provided that doing so would otherwise be in accordance with CASS 5.5.63 R (1)(b)(ii)),2 a firm may pay into, or maintain in, a client bank account money of its own, and that money will then become client money for the purposes of CASS 5 and the client money (insurance) distribution rules. | D54: 38366
A55: _x000D_CASS 5.5.11 | B55: R | C55: A firm, when acting in accordance with CASS 5.3 (statutory trust), must ensure that the total amount of client money held for each client in any of the firm'sclient moneybankaccounts is positive and that no payment is made from any such account for the benefit of a client unless the client has provided the firm with cleared funds to enable the payment to be made. | D55: 38366
A56: _x000D_CASS 5.5.11A | B56: G | C56: 2When a firm acts in accordance with CASS 5.3 (Statutory trust) it should not make a payment from the client bank account unless it is satisfied on reasonable grounds that the client has provided it with cleared funds. Accordingly, a firm should normally allow a reasonable period of time for cheques to clear. If a withdrawal is made and the client's cheque is subsequently dishonoured it will be the firm's responsibility to make good the shortfall in the account as quickly as possible (and without delay whilst a cheque is re-presented). | D56: 38366
A57: _x000D_CASS 5.5.12 | B57: R | C57: If client money is received by the firm in the form of an automated transfer, the firm must take reasonable steps to ensure that:_x000D_ (1) the money is received directly into a client bank account; and_x000D_ _x000D_ (2) if money is received directly into the firm's own account, the money is transferred into a client bank account no later than the next business day after receipt. | D57: 38366
A58: _x000D_CASS 5.5.13 | B58: G | C58: A firm can hold client money in either a general client bank account (CASS 5.5.38 R) or a designated client bank account (CASS 5.5.39 R). A firm holds all client money in general client bank accounts for its clients as part of a common pool of money so those particular clients do not have a claim against a specific sum in a specific account; they only have a claim to the client money in general. A firm holds client money in designated client bank accounts for those clients who requested that their client money be part of a specific pool of money, so those particular clients do have a claim against a specific sum in a specific account; they do not have a claim to the client money in general unless a primary pooling event occurs. If the firm becomes insolvent, and there is (for whatever reason) a shortfall in money held for a client compared with that client's entitlements, the available funds will be distributed in accordance with the client money (insurance) distribution rules. | D58: 38366
A59: _x000D_Non-statutory trust - segregation of designated investments | D59: 38366
A60: _x000D_CASS 5.5.14 | B60: R | C60: (1) A firm which handles client money in accordance with the rules for a non-statutory trust in CASS 5.4 may, to the extent it considers appropriate, but subject to (2), satisfy the requirement to segregate client money by segregating or arranging for the segregation of designated investments with a value at least equivalent to such money as would otherwise have been segregated into a client bank account._x000D_ _x000D_ (2) A firm may not segregate designated investments unless it:_x000D_ (a) takes reasonable steps to ensure that any consumers5 whose client money interests may be protected by such segregation are aware that the firm may operate such an arrangement and have (whether through its terms of business, client agreements, or otherwise in writing) an adequate opportunity to give their informed consent;_x000D_ 5_x000D_ (b) ensures that the terms on which it will segregate designated investments include provision for it to take responsibility for meeting any shortfall in its client money resource which is attributable to falls in the market value of a segregated investment;_x000D_ _x000D_ (c) provides in the deed referred to in CASS 5.4.6 R for designated investments which it segregates to be held by it on the terms of the non-statutory trust; and _x000D_ _x000D_ (d) takes reasonable steps to ensure that the segregation is at all times in conformity with the range of permitted investments, general principles and conditions in CASS 5 Annex 1 R. | D60: 39453
A61: _x000D_CASS 5.5.15 | B61: G | C61: A firm which takes advantage of CASS 5.5.14 R will need to consider whether its permission should include the permitted activity of managing investments. If the firm is granted a power to manage with discretion the funds over which it is appointed as trustee under the trust deed required by CASS 5.4 then it will be likely to need a permission to manage investments. It is unlikely to need such a permission, however, if it is merely granted a power to invest but the deed stipulates that the funds may only be managed with discretion by another firm (which has the necessary permission). Such an arrangement would not preclude the firm holding client money as trustee from appointing another firm (or firms) as manager and setting an appropriate strategy and overall asset allocation, subject to the limits set out in CASS 5 Ann 1 R. A firm may also need to consider whether it needs a permission to operate a collective investment scheme if any of its clients are to participate in the income or gains arising from the acquisition or disposal of designated investments. | D61: 38366
A62: _x000D_Withdrawal of commission and mixed remittance | D62: 38366
A63: _x000D_CASS 5.5.16 | B63: R | C63: (1) A firm may draw down commission from the client bank account if:_x000D_ (a) it has received the premium from the client (or from a third party premium finance provider on the client's behalf);2 and_x000D_ _x000D_ (b) this is consistent with the firm'sterms of business which it maintains with the relevant client and 2the insurance undertaking to whom the premium will become2 payable;_x000D_ _x000D_ _x000D_ and the firm may draw down commission before payment of the premium to the insurance undertaking, provided that the conditions in (a) and (b) are satisfied._x000D_ _x000D_ (2) If a firm receives a mixed remittance (that is part client money and part other money), it must:_x000D_ (a) pay the full sum into a client bank account in accordance with CASS 5.5.5 R; and_x000D_ _x000D_ (b) pay the money that is not client money out of the client bank account as soon as reasonably practicable and in any event by not later than twenty-five business days after the day on which the remittance is cleared (or, if earlier, when the firm performs the client money calculation in accordance with CASS 5.5.63 R (1)).2 | D63: 38366
A64: _x000D_CASS 5.5.17 | B64: G | C64: (1) As soon as commission becomes due to the firm (in accordance with CASS 5.5.16 R (1)) it must be treated as a remittance which must be withdrawn in accordance with CASS 5.5.16 R (2). 2The procedure required by CASS 5.5.16 R will also 2apply where moneyis 2due and payable 2to the firm in respect of fees due from clients (whether to the firm or other professionals)._x000D_ _x000D_ (2) Firms are reminded that money received in accordance with CASS 5.2 must not, except where a firm and an insurance undertaking have (in accordance with CASS 5.1.5A R) agreed otherwise,2 be kept in a client bank account. Client money received from a third-party premium finance provider should, however, be segregated into a client bank account._x000D_ _x000D_ (3) Where a client makes payments of premium to a firm in instalments, CASS 5.5.16 R (1)2 applies in relation to each instalment._x000D_ _x000D_ (4) If a firm is unable to match a remittance with a transaction it may be unable to immediately determine whether the payment comprises a mixed remittance or is client money. In such cases the remittance should be treated as client money while the firm takes steps to match the remittance to a transaction as soon as possible.2 | D64: 38366
A65: _x000D_Appointed representatives, field representatives and other agents | D65: 38366
A66: _x000D_CASS 5.5.18 | B66: R | C66: (1) Subject to (4), a 2firm must in relation to each of its appointed representatives, field representatives and other agents comply with CASS 5.5.19 R to CASS 5.5.21 R (Immediate segregation) or with CASS 5.5.23 R (Periodic segregation and reconciliation)._x000D_ _x000D_ (2) A firm must in relation to each representative or other agent keep a record of whether it is complying with CASS 5.5.19 R to CASS 5.5.21 R or with CASS 5.5.23 R._x000D_ _x000D_ (3) A firm is, but without affecting the application of CASS 5.5.19 R to CASS 5.5.23 R, to be treated as the recipient of client money which is received by any of its appointed representatives, field representatives or other agents._x000D_ _x000D_ (4) Paragraphs6 (1) to (3) do not apply in relation to an appointed representative, field representative or other agent to which (if it were a firm) CASS 5.1.4AR (1) or CASS 5.1.4AR (2) would apply, but subject to the representative or agent maintaining an account which satisfies the requirements of CASS 5.5.49 R2 to the extent that the representative or agent will hold client money on trust or otherwise on behalf of its clients.612 | D66: 40274
A67: _x000D_Immediate segregation | D67: 40274
A68: _x000D_CASS 5.5.19 | B68: R | C68: A firm must establish and maintain procedures to ensure that client money received by its appointed representatives, field representatives, or other agents of the firm is:_x000D_ (1) paid into a client bank account of the firm in accordance with CASS 5.5.5 R; or_x000D_ _x000D_ (2) forwarded to the firm, or in the case of a field representative forwarded to a specified business address of the firm, so as to ensure that the money arrives at the specified business address by the close of the third business day. | D68: 38366
A69: _x000D_CASS 5.5.20 | B69: G | C69: For the purposes of CASS 5.5.19 R, the client money received on business day one should be forwarded to the firm or specified business address of the firm no later than the next business day after receipt (business day two) in order for it to reach that firm or specified business address by the close of the third business day. Procedures requiring the client money to be sent to the firm or the specified business address of the firm by first class post no later than the next business day after receipt would meet the requirements of CASS 5.5.19 R. | D69: 38366
A70: _x000D_CASS 5.5.21 | B70: R | C70: If client money is received in accordance with CASS 5.5.19 R, the firm must ensure that its appointed representatives, field representatives or other agents keep client money (whether in the form of premiums, claims money or premium refunds) separately identifiable from any other money (including that of the firm) until the client money is paid into a client bank account or sent to the firm. | D70: 38366
A71: _x000D_CASS 5.5.22 | B71: G | C71: A firm which acts in accordance with CASS 5.5.19 R to CASS 5.5.21 R need not comply with CASS 5.5.23 R. | D71: 38366
A72: _x000D_Periodic segregation and reconciliation | D72: 38366
A73: _x000D_CASS 5.5.23 | B73: R | C73: (1) A firm must, on a regular basis, and at reasonable intervals, ensure that it holds in its client bank account an amount which (in addition to any other amount which it is required by these rules to hold) is not less than the amount which it reasonably estimates to be the aggregate of the amounts held at any time by its appointed representatives, field representatives, and other agents._x000D_ _x000D_ (2) A firm must, not later than ten business days following the expiry of each period in (1):_x000D_ (a) carry out, in relation to each such representative or agent, a reconciliation of the amount paid by the firm into its client bank account with the amount of client money actually received and held by the representative or other agent; and_x000D_ _x000D_ (b) make a corresponding payment into, or withdrawal from, the account. | D73: 38366
A74: _x000D_CASS 5.5.24 | B74: G | C74: (1) CASS 5.5.23 R allows a firm with appointed representatives, field representatives and other agents to avoid the need for the representative to forward client money on a daily basis but instead requires a firm to segregate into its client money bank account amounts which it reasonably estimates to be sufficient to cover the amount of client money which the firm expects its representatives or agents to receive and hold over a given period. At the expiry of each such period, the firm must obtain information about the actual amount of client money received and held by its representatives so that it can reconcile the amount of client money it has segregated with the amounts actually received and held by its representatives and agents. The frequency at which this reconciliation is to be performed is not prescribed but it must be at regular and reasonable intervals having regard to the nature and frequency of the insurance business carried on by its representatives and agents. For example, a period of six months might be appropriate for a representative which conducts business involving the receipt of premiums only infrequently whilst for other representatives a periodic reconciliation at monthly intervals (or less) may be appropriate._x000D_ _x000D_ (2) Where a firm operates on the basis of CASS 5.5.23 R, the money which is segregated into its client bank account is client money and will be available to meet any obligations owed to the clients of its representatives who for this purpose are treated as the firm'sclients. | D74: 38366
A75: _x000D_CASS 5.5.25 | B75: G | C75: A firm which acts in accordance with CASS 5.5.23 R need not comply with CASS 5.5.19 R to CASS 5.5.21 R. | D75: 38366
A76: _x000D_Client entitlements | D76: 38366
A77: _x000D_CASS 5.5.26 | B77: R | C77: A firm must take reasonable steps to ensure that it is notified promptly of any receipt of client money in the form of client entitlements. | D77: 38366
A78: _x000D_CASS 5.5.27 | B78: G | C78: The 'entitlements' mentioned in CASS 5.5.26 R refer to any kind of miscellaneous payment which the firm receives on behalf of a client and which are due to be paid to the client. | D78: 38366
A79: _x000D_CASS 5.5.28 | B79: R | C79: When a firm receives a client entitlement on behalf of a client, it must pay any part of it which is client money:_x000D_ (1) for client entitlements received in the United Kingdom, into a client bank account in accordance with CASS 5.5.5 R; or_x000D_ _x000D_ (2) for client entitlements received outside the United Kingdom, into any bank account operated by the firm, provided that such client money is:_x000D_ (a) paid to, or in accordance with, the instructions of the client concerned; or_x000D_ _x000D_ (b) paid into a client bank account in accordance with CASS 5.5.5 R (1), as soon as possible but no later than five business days after the firm is notified of its receipt. | D79: 38366
A80: _x000D_CASS 5.5.29 | B80: R | C80: A firm must take reasonable steps to ensure that a client entitlement which is client money is allocated within a reasonable period of time after notification of receipt. | D80: 38366
A81: _x000D_Interest and investment returns | D81: 38366
A82: _x000D_CASS 5.5.30 | B82: R | C82: (1) In relation to consumers5, a firm must, subject to (2), take reasonable steps to ensure that its terms of business or other client agreements4 adequately explain, and where necessary obtain a client's informed consent to, the treatment of interest and, if applicable, investment returns, derived from its holding of client money and any segregated designated investments._x000D_ 54_x000D_ (2) In respect of interest earned on client bank accounts, (1) does not apply if a firm has reasonable ground to be satisfied that in relation to insurance distribution activities7 carried on with or for a consumer5 the amount of interest earned will be not more than £20 per transaction._x000D_ 5 | D82: 43374
A83: _x000D_CASS 5.5.31 | B83: G | C83: If no interest is payable to a consumer5, that fact should be separately identified in the firm's5 client agreement 4or terms of business._x000D_ 5 5 4 | D83: 39453
A84: _x000D_CASS 5.5.32 | B84: G | C84: If a firm outlines its policy on its payment of interest, it need not necessarily disclose the actual rates prevailing at any particular time; the firm should disclose the terms, for example, the relevant reference rate9 plus or minus 'x' percentage points. | D84: 44562
A85: _x000D_Transfer of client money to a third party | D85: 44562
A86: _x000D_CASS 5.5.33 | B86: G | C86: CASS 5.5.34 R sets out the requirements a firm must comply with when it transfers client money to another person without discharging its fiduciary duty owed to that client. Such circumstances arise when, for example, a firm passes client money to another broker for the purposes of the client's transaction being effected. A firm can only discharge itself from its fiduciary duty by acting in accordance with, and in the circumstances permitted by, CASS 5.5.80 R. | D86: 38366
A87: _x000D_CASS 5.5.34 | B87: R | C87: A firm may allow another person, such as another broker to hold or control client money, but only if:_x000D_ (1) the firm transfers the client money for the purpose of a transaction for a client through or with that person; and_x000D_ _x000D_ (2) in the case of a consumer,5 that customer has been notified (whether through a client agreement,4terms of business, or otherwise in writing) that the client money may be transferred to another person._x000D_ 54 | D87: 39453
A88: _x000D_CASS 5.5.35 | B88: G | C88: In relation to the notification required by CASS 5.5.34 R (2), there is no need for a firm to make a separate disclosure in relation to each transfer made. | D88: 38366
A89: _x000D_CASS 5.5.36 | B89: G | C89: A firm should not hold excess client money with another broker. It should be held in a client bank account. | D89: 38366
A90: _x000D_Client bank accounts | D90: 38366
A91: _x000D_CASS 5.5.37 | B91: G | C91: The FCA generally requires a firm to place client money in a client bank account with an approved bank. However, a firm which is an approved bank must not (subject to CASS 5.1.1 R (2)(e)) hold client money in an account with itself. | D91: 41365
A92: _x000D_CASS 5.5.38 | B92: R | C92: (1) A firm must ensure that client money is held in a client bank account at one or more approved banks._x000D_ _x000D_ (2) If the firm is a bank, it must not hold client money in an account with itself. | D92: 38366
A93: _x000D_CASS 5.5.39 | B93: R | C93: A firm may open one or more client bank accounts in the form of a designated client bank account. Characteristics of these accounts are that:_x000D_ (1) the account holds money of one or more clients;_x000D_ _x000D_ (2) the account includes in its title the word 'designated';_x000D_ _x000D_ (3) the clients whose money is in the account have each consented in writing to the use of the bank with which the client money is to be held; and_x000D_ _x000D_ (4) in the event of the failure of that bank, the account is not pooled with any other type of account unless a primary pooling event occurs. | D93: 38366
A94: _x000D_CASS 5.5.40 | B94: G | C94: (1) A firm may operate as many client accounts as it wishes._x000D_ _x000D_ (2) A firm is not obliged to offer its clients the facility of a designated client bank account._x000D_ _x000D_ (3) Where a firm holds money in a designated client bank account, the effect upon either:_x000D_ (a) the failure of a bank where any other client bank account is held; or_x000D_ _x000D_ (b) the failure of a third party to whom money has been transferred out of any other client bank account in accordance with CASS 5.5.34 R;_x000D_ _x000D_ _x000D_ (each of which is a secondary pooling event) is that money held in the designated client bank account is not pooled with money held in any other account. Accordingly clients whose money is held in a designated client bank account will not share in any shortfall resulting from a failure of the type described in (a) or (b)._x000D_ _x000D_ (4) Where a firm holds client money in a designated client bank account, the effect upon the failure of the firm (which is a primary pooling event ) is that money held in the designated client bank account is pooled with money in every other client bank account of the firm. Accordingly, clients whose money is held in a designated client bank account will share in any shortfall resulting from a failureof the firm. | D94: 38366
A95: _x000D_CASS 5.5.41 | B95: R | C95: A firm may hold client money with a bank that is not an approved bank if all the following conditions are met:_x000D_ (1) the client money relates to one or more insurance transactions which are subject to the law or market practice of a jurisdiction outside the United Kingdom;_x000D_ _x000D_ (2) because of the applicable law or market practice of that overseas jurisdiction, it is not possible to hold the client money in a client bank account with an approved bank;_x000D_ _x000D_ (3) the firm holds the money with such a bank for no longer than is necessary to effect the transactions;_x000D_ _x000D_ (4) the firm notifies each relevant client and has, in relation to a consumer,5 a client agreement,4 or terms of business which adequately explain that: _x000D_ 54(a) client money will not be held with an approved bank;_x000D_ _x000D_ (b) in such circumstances, the legal and regulatory regime applying to the bank with which the client money is held will be different from that of the United Kingdom and, in the event of a failure of the bank, the client money may be treated differently from the treatment which would apply if the client money were held by an approved bank in the United Kingdom; and_x000D_ _x000D_ (c) if it is the case, the particular bank has not accepted that it has no right of set-off or counterclaim against money held in a client bank account, in respect of any sum owed on any other account of the firm, notwithstanding the firm's request to the bank as required by CASS 5.5.49 R; and_x000D_ _x000D_ _x000D_ (5) the client money is held in a designated bank account. | D95: 39453
A96: _x000D_A firm's selection of a bank | D96: 39453
A97: _x000D_CASS 5.5.42 | B97: G | C97: A firm owes a duty of care to a client when it decides where to place client money. The review required by CASS 5.5.43 R is intended to ensure that the risks inherent in placing client money with a bank are minimised or appropriately diversified by requiring a firm to consider carefully the bank or banks with which it chooses to place client money. For example, a firm which is likely only to hold relatively modest amounts of client money will be likely to be able to satisfy this requirement if it selects an authorised UK clearing bank. | D97: 38366
A98: _x000D_CASS 5.5.43 | B98: R | C98: Before a firm opens a client bank account and as often as is appropriate on a continuing basis (and no less than once in each financial year), it must take reasonable steps to establish that the bank is appropriate for that purpose. | D98: 38366
A99: _x000D_CASS 5.5.44 | B99: G | C99: A firm should consider diversifying placements of client money with more than one bank where the amounts are, for example, of sufficient size to warrant such diversification. | D99: 38366
A100: _x000D_CASS 5.5.45 | B100: G | C100: When considering where to place client money and to determine the frequency of the appropriateness test under CASS 5.5.43 R, a firm should consider taking into account, together with any other relevant matters:_x000D_ (1) the capital of the bank;_x000D_ _x000D_ (2) the amount of client money placed, as a proportion of the bank's capital and deposits;_x000D_ _x000D_ (3) the credit rating of the bank (if available); and_x000D_ _x000D_ (4) to the extent that the information is available, the level of risk in the investment and loan activities undertaken by the bank and its affiliated companies. | D100: 38366
A101: _x000D_CASS 5.5.46 | B101: G | C101: A firm will be expected to perform due diligence when opening a client bank account with a bank that is authorised in the United Kingdom8. Any continuing assessment of that bank may be restricted to verification that it remains authorised in the United Kingdom8. | D101: 44197
...

Sheet CASS 6
A1: =INDEX(Settings!$B$13:$B$24,MATCH(MID(CELL("filename",A1),FIND("]",CELL("filename",A1))+1,255),Settings!$I$13:$I$24,0)) -> CASS 6 - Custody rules
A3: Ref | B3: R/G | C3: Rule | D3: Effective Date | E3: Risk | F3: In Scope | G3: Responsible Individual | H3: Accountable Individual | I3: Operational Process | J3: Design Effectivness RAG | K3: Operating Effectivness RAG | L3: MI | M3: Notes
A4: _x000D_CASS 6.1.1 | B4: R | C4: This chapter (the custody rules) applies to a firm:21_x000D_ (1) [deleted]2_x000D_ 2(a) [deleted]2_x000D_ 2_x000D_ (b) [deleted]2_x000D_ 2_x000D_ _x000D_ (1A) 2when it holds financial instruments belonging to a client in the course of its MiFID business;_x000D_ 7_x000D_ (1B) 2when it is safeguarding and administering investments, in the course of business that is not MiFID business;7_x000D_ _x000D_ (1C) when it is acting as trustee or depositary of an AIF; 7_x000D_ 9_x000D_ (1D) when it is acting as trustee or depositary of a UCITS; and97_x000D_ _x000D_ (1E) in respect of any arrangement for a client to transfer full ownership of a safe custody asset (or an asset which would be a safe custody asset but for the arrangement)14 to the firm which is: _x000D_ (a) in the course of, or in connection with, the firm'sdesignated investment business; and _x000D_ _x000D_ (b) for the purpose of securing or otherwise covering present or future, actual or contingent or prospective obligations, and14 the application of the custody rules to a firm under this paragraph is set out in14 the rules and guidance in CASS 6.1.6 R to CASS 6.1.9 G; and10_x000D_ 9_x000D_ _x000D_ (1F) when it is a small AIFM carrying on excluded custody activities.10_x000D_ _x000D_ (2) [deleted]2_x000D_ 2 | D4: 43103
A5: _x000D_CASS 6.1.1-A | B5: R | C5: 10In applying the custody rules to a small AIFM'sexcluded custody activities, any reference to a firm carrying on the regulated activities of safeguarding and administering investments, safeguarding and administering assets (without arranging) or arranging safeguarding and administration of assets includes those excluded custody activities that would, but for the exclusion in article 72AA of the RAO, amount to whichever of those regulated activities is referred to. | D5: 42095
A6: _x000D_CASS 6.1.1A | B6: G | C6: 2The regulated activity of safeguarding and administering investments covers both the safeguarding and administration of assets (without arranging) andarranging safeguarding and administration of assets,5 when those assets are either safe custody investments or custody assets. A safe custody investment is, in summary, a designated investment which a firm receives or holds on behalf of a client. Custody assets include designated investments, and any other assets that the firm holds or may hold in the same portfolio as a designated investment held for or on behalf of a client.5 | D6: 40274
A7: _x000D_CASS 6.1.1B | B7: R | C7: (1) Firms to which the custody rules apply by virtue of CASS 6.1.1R (1B) or (1E) 12must also apply the custody rules to those custody assets which are not safe custody investments in a manner appropriate to the nature and value of those custody assets.10_x000D_ _x000D_ (2) Firms to which the custody rules apply by virtue of CASS 6.1.1R (1C) must also apply the custody rules:10_x000D_ (a) to those custody assets which are not AIF custodial assets but are safe custody investments; and_x000D_ _x000D_ (b) in a manner appropriate to the nature and value of those custody assets, to those custody assets which are neither AIF custodial assets nor safe custody investments._x000D_ _x000D_ _x000D_ (3) 12Firms to which the custody rules apply by virtue of CASS 6.1.1R(1D) must also apply them:_x000D_ (a) to those custody assets which are not UCITS custodial assets but are safe custody investments; and_x000D_ _x000D_ (b) in a manner appropriate to the nature and value of those custody assets, to those custody assets which are neither UCITS custodial assets nor safe custody investments. | D7: 42447
A8: _x000D_CASS 6.1.1C | B8: G | C8: 2In accordance with article 42 of the Regulated Activities Order, a firm ("I") will not be arranging safeguarding and administration of assets if it introduces a client to another firm whose permitted activities include the safeguarding and administration of investments, or to an exempt person acting as such, with a view to that other firm or exempt person:_x000D_ (1) providing a safe custody service in the United Kingdom; or_x000D_ _x000D_ (2) arranging for the provision of a safe custody service in the United Kingdom by another person;_x000D_ _x000D_ _x000D_ and the other firm, exempt person or other person who is to provide the safe custody service is not in the same group as I, and does not remunerate I. | D8: 39814
A9: _x000D_CASS 6.1.2 | B9: G | C9: Firms are reminded that dividends (actual or payments in lieu), stock lending fees and other payments received for the benefit of a client, and which are due to the clients,2 should be held in accordance with the client money chapter where appropriate._x000D_ 2 | D9: 39814
A10: _x000D_CASS 6.1.3 | B10: G | C10: [deleted]2_x000D_ 2 | D10: 39814
A11: _x000D_Business in the name of the firm | D11: 39814
A12: _x000D_CASS 6.1.4 | B12: R | C12: The custody rules do not apply where a firm carries on business in its name but on behalf of the client where that is required by the very nature of the transaction and the client is in agreement._x000D_ _x000D_ [Note: recital 5114 to MiFID] | D12: 43103
A13: _x000D_CASS 6.1.5 | B13: G | C13: For example, this chapter does not apply where a firm borrows safe custody assets2 from a client as principal under a stock lending agreement._x000D_ 2 | D13: 39814
A14: _x000D_Title transfer collateral arrangements | D14: 39814
A15: _x000D_CASS 6.1.6 | B15: R | C15: 2 4 (1) [deleted]14_x000D_ 4_x000D_ (2) [deleted]14_x000D_ 4_x000D_ (3) (a) A firm must not enter into a TTCA in respect of an asset belonging to a retail client. 14_x000D_ _x000D_ (b) Where a firm entered into a TTCA in respect of an asset belonging to a retail client (or one which would belong to a retail client but for the arrangement) before 3 January 2018, the firm must terminate that TTCA.14_x000D_ _x000D_ [Note: article 16(10) of MiFID and article 5(5) of the MiFID Delegated Directive]14_x000D_ _x000D_ _x000D_ (4) Except for CASS 6.1.6BR to CASS 6.1.9G and provided that the TTCA is not with a retail client, the custody rules do not apply to a firm in respect of an asset which is subject to a TTCA and which would otherwise be a safe custody asset._x000D_ _x000D_ [Note: recital 52 to MiFID] | D15: 43103
A16: _x000D_CASS 6.1.6A | B16: R | C16: [deleted]14 | D16: 43103
A17: _x000D_CASS 6.1.6B | B17: R | C17: (1) 9A firm must ensure that any TTCA14 is the subject of a written agreement made on a durable medium between the firm and the client._x000D_ _x000D_ (2) Regardless of the form of the agreement in (1) (which may have additional commercial purposes), it must cover the client's agreement to: _x000D_ (a) the terms for the arrangement relating to the transfer of the client's full ownership of the safe custody asset to the firm;_x000D_ _x000D_ (b) any terms under which the ownership of the safe custody asset is to transfer from the firm back to the client; and_x000D_ _x000D_ (c) (to the extent not covered by the terms under (b)), any terms for the termination of:_x000D_ (i) the arrangement under (a); or_x000D_ _x000D_ (ii) the overall agreement in (1)._x000D_ _x000D_ _x000D_ _x000D_ (3) A firm must retain a copy of the agreement under (1) from the date the agreement is entered into and until five years after the agreement is terminated. | D17: 43103
A18: _x000D_CASS 6.1.6C | B18: G | C18: 9The terms referred to in CASS 6.1.6BR (2)(b) may include, for example, terms under which the arrangement relating to the transfer of full ownership of the safe custody asset to the firm is not in effect from time to time, or is contingent on some other condition. | D18: 41974
A19: _x000D_CASS 6.1.6D | B19: R | C19: (1) 14A firm must properly consider and document the use of TTCAs in the context of: _x000D_ (a) the relationship between the client’s obligation to the firm; and _x000D_ _x000D_ (b) the safe custody assets subjected to TTCAs by the firm._x000D_ _x000D_ _x000D_ (2) A firm must be able to demonstrate that it has complied with the requirement under (1)._x000D_ _x000D_ (3) When considering, and documenting, the appropriateness of the use of TTCAs, a firm must take into account the following factors:_x000D_ (a) whether there is only a very weak connection between the client’s obligation to the firm and the use of TTCAs, including whether the likelihood of a client’s liability to the firm is low or negligible;_x000D_ _x000D_ (b) the extent by which the amount of safe custody assets subject to a TTCA is in excess of the client’s obligations (including where the TTCA applies to all safe custody assets from the point of receipt by the firm) and whether the client might have no obligations at all to the firm; and_x000D_ _x000D_ (c) whether all the client’ssafe custody assets are made subject to TTCAs, without consideration of what obligation the client has to the firm._x000D_ _x000D_ _x000D_ (4) Where a firm uses a TTCA, it must highlight to the client the risks involved and the effect of any TTCA on the client’ssafe custody assets._x000D_ _x000D_ _x000D_ [Note: article 6 of the MiFID Delegated Directive] | D19: 43103
A20: _x000D_CASS 6.1.6E | B20: G | C20: 14A firm may choose to combine its client communication under CASS 6.1.6DR(4) with any communication made in order to comply with article 15.1(a)(ii) of the SFTR or CASS 9.3.1R(2)(d). | D20: 43103
A21: _x000D_CASS 6.1.7 | B21: G | C21: [deleted]14 | D21: 43103
A22: _x000D_CASS 6.1.8 | B22: G | C22: Firms are reminded of the client's best interests rule, which requires them to act honestly, fairly and professionally in accordance with the best interests of their clients when structuring their business particularly in respect of the effect of that structure on firms' obligations under this chapter. | D22: 39387
A23: _x000D_Termination of title transfer collateral arrangements9 | D23: 39387
A24: _x000D_CASS 6.1.8A | B24: R | C24: (1) 9If a client communicates to a firm that it wishes (whether pursuant to a contractual right or otherwise) to terminate a TTCA14 and the client's communication is not in writing, the firm must make a written record of the client's communication which also records the date the communication was received._x000D_ _x000D_ (2) A firm must keep a client's written communication, or a written record of the client's communication in (1), for five years, starting from the date the communication was received by the firm._x000D_ _x000D_ (3) (a) If a firm agrees to the termination of a TTCA14, it must notify the client of its agreement in writing. The notification must state when the termination is to take effect and whether or not the client'ssafe custody asset will be held under the custody rules by the firm thereafter._x000D_ _x000D_ (b) If a firm does not agree to terminate a TTCA14, it must notify the client of its disagreement in writing._x000D_ _x000D_ _x000D_ (4) A firm must keep a written record of any notification it makes to a client under (3) for a period of five years, starting from the date the notification was made. | D24: 43103
A25: _x000D_CASS 6.1.8B | B25: G | C25: 9 CASS 6.1.8AR (3)(a) refers only to a firm's agreement to terminate an existing TTCA14. Such agreement by a firm does not necessarily need to amount to the termination of its entire agreement with the client. | D25: 43103
A26: _x000D_CASS 6.1.8C | B26: G | C26: 9When a firm notifies a client under CASS 6.1.8AR (3)(a) of when the termination of a TTCA14 is to take effect, it should take into account:_x000D_ (1) any relevant terms relating to such a termination that have been agreed with the client; and_x000D_ _x000D_ (2) the period of time it reasonably requires to return the safe custody asset to the client or to update the registration under (Holding of client assets) CASS 6.2and update its records under CASS 6.6 (Records, accounts and reconciliations). | D26: 43103
A27: _x000D_CASS 6.1.8D | B27: R | C27: 9If a TTCA14 is terminated, then the exemption at CASS 6.1.6R(4)14 no longer applies. | D27: 43103
A28: _x000D_CASS 6.1.8E | B28: G | C28: (1) 9Following the termination of a TTCA14 , where a firm does not immediately return the safe custody assets to the client the firm should consider whether the custody rules apply in respect of the safe custody assets pursuant to CASS 6.1.1R14._x000D_ _x000D_ (2) Where the custody rules apply to a firm for safe custody assets in these circumstances then the firm is required to comply with those rules and should, for example, update the registration under CASS 6.2(Holding of client assets), update its records under CASS 6.6 (Records, accounts and reconciliations) and treat any shortfall in accordance with CASS 6.6.54 R (in each case as appropriate). | D28: 43103
A29: _x000D_CASS 6.1.9 | B29: G | C29: Firms are reminded that, in certain cases, the collateral rules apply where a firm receives collateral from a client in order to secure the obligations of the client. | D29: 39387
A30: _x000D_Prime brokerage agreements | D30: 39387
A31: _x000D_CASS 6.1.9A | B31: G | C31: 3A prime brokerage firm is reminded of the additional obligations in CASS 9.3.1 R which apply to prime brokerage agreements. | D31: 40603
A32: _x000D_Affiliated companies - MiFID business2 | D32: 40603
A33: _x000D_CASS 6.1.10 | B33: G | C33: The fact that a client is an affiliated company in respect of MiFID business2 does not affect the operation of the custody rules in relation to that client. | D33: 39814
A34: _x000D_Affiliated companies - non-MiFID business2 | D34: 39814
A35: _x000D_CASS 6.1.10A | B35: G | C35: [deleted]9 | D35: 41821
A36: _x000D_CASS 6.1.10B | B36: R | C36: 9In respect of a firm's business falling under CASS 6.1.1R (1B), the custody rules do not apply to the firm when it is safeguarding and administering investments on behalf of an affiliated company, unless:_x000D_ (1) the firm has been notified that the designated investment belongs to a client of the affiliated company; or_x000D_ _x000D_ (2) the affiliated company is a client dealt with at arm's length. | D36: 41821
A37: _x000D_CASS 6.1.11 | B37: G | C37: [deleted]2_x000D_ 2 | D37: 39814
A38: _x000D_Delivery versus payment transaction exemption9 | D38: 39814
A39: _x000D_CASS 6.1.12 | B39: R | C39: (1) Subject to (2) and CASS 6.1.12B R and with the written agreement of the relevant client, a9firm need not treat this chapter as applying in respect of a delivery versus payment transaction through a commercial settlement system if:9_x000D_ 929(a) in respect of a client's purchase, the firm intends for the asset in question to be due to the client within one business day following the client's fulfilment of its payment obligation to the firm;9 or_x000D_ 9_x000D_ (b) in respect of a client's sale, the firm intends for the asset in question to be due to the firm within one business day following the firm's fulfilment of its payment obligation to the client.9_x000D_ 9_x000D_ 9_x000D_ (2) If the payment or delivery by the firm to the client has not occurred by the close of business on the third business day following the date on which a firm makes use of the exemption under (1), the firm must stop using that exemption for the transaction.9_x000D_ 9_x000D_ (3) If the period referred to in CASS 6.1.12R (2) has expired before such a delivery versus payment transaction through a commercial settlement system has settled, a firm may, until settlement and provided that doing so is consistent with the firm'spermissions and it complies with (4), segregate the firm's own money as client money (in accordance with the client money rules) of an amount equivalent to the value at which that safe custody asset is reasonably expected to settle instead of holding the client'ssafe custody assets (in accordance with the custody rules).9_x000D_ _x000D_ (4) Where a firm intends to segregate money as client money instead of the client'ssafe custody asset under (3) it must, before doing so, ensure that this would result in money being held for the relevant client in respect of the shortfall under 9CASS 7.17.2R11 (statutory trust).9_x000D_ _x000D_ (5) Where a firm segregates an amount of client money instead of the client'ssafe custody assets under (3) it must also:_x000D_ (a) ensure the money is segregated under 9CASS 7.139 (Segregation of client money) and recorded as being held for the relevant client(s) under 9CASS 7.15 (Records, accounts and reconciliations);_x000D_ _x000D_ (b) keep a record of the actions the firm has taken under this rule which includes a description of the safe custody asset in question, identifies the relevant affected client, and specifies the amount of money that the firm has appropriated as client money to cover the value of the safe custody asset; and_x000D_ _x000D_ (c) update the record made under (5)(b) when the transaction in question has settled and the firm has re-appropriated the money.9 | D39: 42309
A40: _x000D_CASS 6.1.12A | B40: G | C40: (1) 9The amount of client money a firm segregates for the purposes of CASS 6.1.12R (3) may be determined by the previous day's closing mark to market valuation of the relevant safe custody asset or, if in relation to a particular safe custody asset none is available, the most recent available valuation._x000D_ _x000D_ (2) Where a firm is segregating money for the purposes of CASS 6.1.12R (3) it should, as regularly as necessary, and having regard to Principle 10:_x000D_ (a) review the value of the safe custody asset in question in line with (1); and_x000D_ _x000D_ (b) where the firm has found that the value of the safe custody asset has changed, adjust the amount of money it has appropriated to ensure that these monies are sufficient to cover the latest value of the safe custody asset. | D40: 41974
A41: _x000D_CASS 6.1.12B | B41: R | C41: 9A firm cannot, in respect of a particular delivery versus payment transaction, make use of the exemption under CASS 6.1.12 R in either or both of the following circumstances:_x000D_ (1) it is not a direct member or participant of the relevant commercial settlement system, nor is it sponsored by such a member or participant, in accordance with the terms and conditions of that commercial settlement system;_x000D_ _x000D_ (2) the transaction in question is being settled by another person on behalf of the firm through an account held at the relevant commercial settlement system by that other person. | D41: 41974
A42: _x000D_CASS 6.1.12C | B42: G | C42: 9Where a firm does not meet the requirements in CASS 6.1.12 R or CASS 6.1.12B R for use of the exemption in CASS 6.1.12 R, the firm is subject to the custody rules in respect of any safe custody asset it holds in connection with the delivery versus payment transaction in question. | D42: 41974
A43: _x000D_CASS 6.1.12D | B43: G | C43: (1) 9In line with CASS 6.1.12 R, where a firm receives a safe custody asset from a client in respect of a delivery versus payment transaction the firm is carrying out through a commercial settlement system in respect of a client's sale, and the firm has not fulfilled its payment obligation to the client by close of business on the third business day following the date of the client's fulfilment of its delivery obligation to the firm, the firm should consider whether the custody rules apply in respect of the safe custody asset pursuant to CASS 6.1.1R (1A) to CASS 6.1.1R (1D)._x000D_ _x000D_ (2) Upon settlement of a delivery versus payment transaction a firm is carrying out through a commercial settlement system (including when it is settled within the three business day period referred to in CASS 6.1.12 R), in respect of:_x000D_ (a) a client's purchase, the custody rules apply to the relevant safe custody asset the firm receives upon settlement; and_x000D_ _x000D_ (b) a client's sale, the client money rules will apply to the relevant money received on settlement. | D43: 41974
A44: _x000D_CASS 6.1.12E | B44: R | C44: (1) 9If a firm makes use of the exemption under CASS 6.1.12 R, it must obtain the client's written agreement to the firm's use of this exemption. _x000D_ _x000D_ (2) In respect of each client, the written agreement in (1) must be retained during the time that the firm makes use, or intends to make use, of the exemption under CASS 6.1.12 R in respect of that client'ssafe custody assets. | D44: 41974
A45: _x000D_CASS 6.1.13 | B45: G | C45: [deleted]2_x000D_ 2 | D45: 39814
A46: _x000D_CASS 6.1.14 | B46: G | C46: [deleted]2_x000D_ 2 | D46: 39814
A47: _x000D_Temporary handling of safe custody assets2 | D47: 39814
A48: _x000D_CASS 6.1.15 | B48: G | C48: The custody rules do not apply if a firm temporarily handles a safe custody asset2 belonging to a client. A firm should temporarily handle a safe custody asset2 for no longer than is reasonably necessary. In most transactions this would be no longer than one business day, but it may be longer or shorter depending upon the transaction in question. For example, when a firm executes an order to sell shares which have not been registered on a de-materialised exchange, handling documents for longer periods may be reasonably necessary. However, in the case of safe custody assets2 in bearer form, the firm is expected to handle them for less than one business day. When a firm temporarily handles safe custody assets,2 it is still obliged to comply with Principle 10 (Clients' assets)._x000D_ 2 2 2 2 | D48: 39814
A49: _x000D_CASS 6.1.16 | B49: G | C49: When a firm temporarily handles a safe custody asset,2 in order to comply with its obligation to act in accordance with Principle 10 (Clients' assets), the following are guides to good practice:_x000D_ 2 (1) a firm should keep the safe custody asset2 secure, record it as belonging to that client, and forward it to the client or in accordance with the client's instructions as soon as practicable after receiving it; and_x000D_ 2_x000D_ (2) a firm should make and retain a record of the fact that the firm has handled that safe custody asset2 and of the details of the client concerned and of any action the firm has taken._x000D_ 2 | D49: 39814
A50: _x000D_Exemptions which do not apply to MiFID business | D50: 39814
A51: _x000D_CASS 6.1.16A | B51: R | C51: 2The exemptions in CASS 6.1.16B R to CASS 6.1.16D G do not apply to a MiFID investment firm which holds financial instruments belonging to a client in the course of MiFID business. | D51: 39814
A52: _x000D_CASS 6.1.16B | B52: R | C52: [deleted]7_x000D_ 7 | D52: 41842
A53: _x000D_Managers of AIFs and UCITS | D53: 41842
A54: _x000D_CASS 6.1.16B | B54: G | C54: 10 (1) The custody rules do not apply to a firm that is managing an AIF or managing a UCITS in relation to excluded custody activities, except where the firm is a small AIFM.10_x000D_ _x000D_ (2) The custody rules can apply to a firm that is managing an AIF or managing a UCITS in relation to activities that are not excluded custody activities. For example, where the firm:10_x000D_ (a) holds financial instruments belonging to a client in the course of its MiFID business (see CASS 6.1.1R (1A)); or_x000D_ _x000D_ (b) is safeguarding and administering investments, in the course of business that is not MiFID business (see CASS 6.1.1R (1B)).
A55: _x000D_Personal investment firms
A56: _x000D_CASS 6.1.16C | B56: R | C56: 2The custody rules do not apply to a personal investment firm when it temporarily holds a designated investment, other than in bearer form, belonging to a client, if the firm:_x000D_ (1) keeps it secure, records it as belonging to that client, and forwards it to the client or in accordance with the client's instructions, as soon as practicable after receiving it; _x000D_ _x000D_ (2) retains the designated investment for no longer than the firm has taken reasonable steps to determine is necessary to check for errors and to receive the final document in connection with any series of transactions to which the documents relate; and _x000D_ _x000D_ (3) makes a record, which must then be retained for a period of 5 years after the record is made, of all the designated investments handled in accordance with (1) and (2) together with the details of the clients concerned and of any action the firm has taken. | D56: 39814
A57: _x000D_CASS 6.1.16D | B57: G | C57: 2Administrative convenience alone should not lead a personal investment firm to rely on CASS 6.1.16C R. Personal investment firms should consider what is in the client's interest and not rely on CASS 6.1.16C R as a matter of course. | D57: 39814
A58: _x000D_Trustees and depositaries (except depositaries of AIFs and UCITS) | D58: 39814
A59: _x000D_CASS 6.1.16E | B59: R | C59: 2The specialist regime in CASS 6.1.16F R to CASS 6.1.16I G does not apply to a MiFID investment firm which holds financial instruments belonging to a client in the course of MiFID business. | D59: 39814
A60: _x000D_CASS 6.1.16F | B60: R | C60: 2When a trustee firm or depositary acts as a custodian for a trust or collective investment scheme, (except for a firmacting as trustee or depositary of an AIF and a firmacting as trustee or depositary of a UCITS12), and: _x000D_ 7 (1) the trust or scheme is established by written instrument; and _x000D_ _x000D_ (2) the trustee firm or depositary has taken reasonable steps to determine that the relevant law and provisions of the trust instrument or scheme constitution will provide protections at least equivalent to the custody rules for the trust property or scheme property;_x000D_ _x000D_ _x000D_ the trustee firm or depositary need comply only with the custody rules listed in the table below._x000D_ _x000D_ _x000D_ Reference_x000D_ _x000D_ Rule_x000D_ _x000D_ _x000D_ _x000D_ CASS 6.1.1 R to CASS 6.1.9 G and CASS 6.1.15 G to CASS 6.1.16C R_x000D_ _x000D_ Application_x000D_ _x000D_ _x000D_ CASS 6.1.16E R to CASS 6.1.16I G_x000D_ _x000D_ Trustees and depositaries_x000D_ _x000D_ _x000D_ CASS 6.1.22 G to CASS 6.1.24 G_x000D_ _x000D_ General purpose_x000D_ _x000D_ _x000D_ CASS 6.2.1 R and CASS 6.2.2 R_x000D_ _x000D_ Protection of clients' safe custody assets_x000D_ _x000D_ _x000D_ CASS 6.2.3 R and CASS 6.2.3B G9_x000D_ 9 _x000D_ Registration and recording of legal title9_x000D_ _x000D_ _x000D_ CASS 6.2.7 R _x000D_ _x000D_ Holding9_x000D_ _x000D_ _x000D_ 9 CASS 6.3.1 R to CASS 6.3.4B G9_x000D_ 9 _x000D_ Depositing safe custody assets with third parties_x000D_ _x000D_ _x000D_ CASS 6.4.1 R and CASS 6.4.2 G_x000D_ _x000D_ Use of safe custody assets_x000D_ _x000D_ _x000D_ CASS 6.6 9 _x000D_ 9 _x000D_ Records, accounts and reconciliations | D60: 42447
A61: _x000D_CASS 6.1.16G | B61: G | C61: 2The reasonable steps referred in CASS 6.1.16FR (2) could include obtaining an appropriate legal opinion to that effect. | D61: 39814
A62: _x000D_CASS 6.1.16H | B62: R | C62: [deleted]9_x000D_ 9 | D62: 41821
A63: _x000D_CASS 6.1.16I | B63: G | C63: 2A trustee firm or depositary that just arranges safeguarding and administration of assets may also take advantage of the exemption in CASS 6.1.16J R (Arrangers). | D63: 39814
A64: _x000D_Depositaries of AIFs | D64: 39814
A65: _x000D_CASS 6.1.16I | B65: R | C65: (1) 7Subject to (2), when a firm is acting as trustee or depositary of an AIF the firm need comply only with the custody rules in the table below:_x000D_ _x000D_ Reference_x000D_ Rule_x000D_ _x000D_ _x000D_ CASS 6.1.1 R, CASS 6.1.9 G, CASS 6.1.9A G and CASS 6.1.16IB G_x000D_ Application_x000D_ _x000D_ CASS 6.1.22 G to CASS 6.1.24 G_x000D_ General purpose_x000D_ _x000D_ CASS 6.2.3 R and CASS 6.2.3B G9 to CASS 6.2.6 G_x000D_ 9Registration and recording of legal title9_x000D_ _x000D_ CASS 6.2.7 R_x000D_ Holding_x000D_ _x000D_ CASS 6.6.2 R, CASS 6.6.4 R, CASS 6.6.6 R, CASS 6.6.7 R, CASS 6.6.57R (2) and CASS 6.6.58 G9_x000D_ 9Records, accounts and reconciliations_x000D_ _x000D_ _x000D_ (2) When a firm is acting as trustee or depositary of an AIF that is an authorised AIF the firm must, in addition to the custody rules in (1), also comply with the custody rules in the table below:_x000D_ _x000D_ Reference_x000D_ Rule_x000D_ _x000D_ _x000D_ CASS 6.1.1BR (2)10_x000D_ 10Application_x000D_ _x000D_ CASS 6.6.8 R, CASS 6.6.11 R to CASS 6.6.32 G, CASS 6.6.41 G, CASS 6.6.43 G and CASS 6.6.47 G.9_x000D_ 9Records, accounts and reconciliations
A66: _x000D_CASS 6.1.16I | B66: G | C66: 7 Firms acting as trustee or depositary of an AIF are reminded of the obligations in FUND 3.11 (Depositaries) and Chapter IV (Depositary) of the AIFMD level 2 regulation which apply in addition to those in CASS 6.
A67: _x000D_CASS 6.1.16I | B67: G | C67: 7A firm (Firm A) to which another firmacting as trustee or depositary of an AIF (Firm B) has delegated safekeeping functions in accordance9 with FUND 3.11.28 R9 (Delegation: safekeeping) will not itself be acting as trustee or depositary of an AIF for that AIF. CASS 6.1.16IA R will not apply to Firm A in respect of that AIF. However, Firm A may be safeguarding and administering investments in respect of that AIF._x000D_ 9 9
A68: _x000D_Depositaries of UCITS
A69: _x000D_CASS 6.1.16I | B69: R | C69: 12When a firm is acting as trustee or depositary of a UCITS, the firm need comply only with the custody rules in the table below:_x000D_ _x000D_ _x000D_ Reference_x000D_ _x000D_ Rule_x000D_ _x000D_ _x000D_ CASS 6.1.1R , CASS 6.1.1BR(3), CASS 6.1.9G, CASS 6.1.16IEG_x000D_ _x000D_ Application_x000D_ _x000D_ _x000D_ CASS 6.1.22G to CASS 6.1.24G_x000D_ _x000D_ General purpose_x000D_ _x000D_ _x000D_ CASS 6.2.3R , CASS 6.2.3AR, CASS 6.2.3BG, CASS 6.2.7R_x000D_ _x000D_ Holding of client assets_x000D_ _x000D_ _x000D_ 13 CASS 6.6.2R , CASS 6.6.4R, CASS 6.6.7R, CASS 6.6.41AG, CASS 6.6.57R(2A), CASS 6.6.58G_x000D_ _x000D_ Records, accounts and reconciliations | D69: 42656
A70: _x000D_CASS 6.1.16I | B70: G | C70: 12 Firms acting as trustee or depositary of a UCITS are reminded of the obligations in COLL 6.6B (UCITS depositaries) which apply as well as those in CASS 6. | D70: 42447
A71: _x000D_CASS 6.1.16I | B71: G | C71: (1) 12A firm (Firm A) to which another firmacting as trustee or depositary of a UCITS (Firm B) has delegated safekeeping functions under COLL 6.6B.25R (Delegation: safekeeping) will not itself be acting as trustee or depositary of a UCITS for that UCITS scheme._x000D_ _x000D_ (2) CASS 6.1.16IDR will not apply to Firm A for that UCITS scheme. _x000D_ _x000D_ (3) However, Firm A may be safeguarding and administering investments in respect of that UCITS scheme. | D71: 42447
A72: _x000D_Arrangers | D72: 42447
A73: _x000D_CASS 6.1.16J | B73: R | C73: 2Only the custody rules in the table below apply to a firm when arranging safeguarding and administration of assets._x000D_ _x000D_ _x000D_ Reference_x000D_ _x000D_ Rule_x000D_ _x000D_ _x000D_ _x000D_ CASS 6.1.1 R to CASS 6.1.9 G and CASS 6.1.15 G to CASS 6.1.16B R_x000D_ _x000D_ Application_x000D_ _x000D_ _x000D_ CASS 6.1.16J R _x000D_ _x000D_ Arrangers9_x000D_ _x000D_ _x000D_ 9 CASS 6.1.16K R _x000D_ _x000D_ Records_x000D_ _x000D_ _x000D_ CASS 6.1.22 G to CASS 6.1.24 G_x000D_ _x000D_ General purpose9_x000D_ _x000D_ _x000D_ 9 CASS 6.3.4A R and CASS 6.3.4B G_x000D_ _x000D_ Third-party custody agreements | D73: 42156
A74: _x000D_CASS 6.1.16K | B74: R | C74: 2When a firmarranges safeguarding and administration of assets, it must ensure that proper records of the arrangements9 are made and retained for a period of 5 years after they are made._x000D_ 9 | D74: 41821
A75: _x000D_CASS 6.1.17 | B75: R | C75: (1) [deleted]2_x000D_ 2_x000D_ (1A) [deleted]2_x000D_ 2_x000D_ (2) [deleted]2_x000D_ 2_x000D_ (3) [deleted]2_x000D_ 2 | D75: 39814
A76: _x000D_CASS 6.1.18 | B76: G | C76: [deleted]2_x000D_ 2 | D76: 39814
A77: _x000D_CASS 6.1.19 | B77: G | C77: [deleted]2_x000D_ 2 | D77: 39814
A78: _x000D_CASS 6.1.20 | B78: G | C78: [deleted]2_x000D_ 2 | D78: 39814
A79: _x000D_CASS 6.1.20A | B79: G | C79: [deleted]2_x000D_ 2 | D79: 39814
A80: _x000D_CASS 6.1.21 | B80: R | C80: [deleted]2_x000D_ 2 | D80: 39814
A81: _x000D_General purpose | D81: 39814
A82: _x000D_CASS 6.1.22 | B82: G | C82: Principle 10 (Clients' assets) requires a firm to arrange adequate protection for clients' assets when it is responsible for them. As part of these protections, the custody rules require a firm to take appropriate steps to protect safe custody assets2 for which it is responsible._x000D_ 2 | D82: 39814
A83: _x000D_CASS 6.1.23 | B83: G | C83: The rules in this chapter are designed primarily to restrict the commingling of client and the firm's assets and minimise the risk of the client'ssafe custody assets2 being used by the firm without the client's agreement or contrary to the client's wishes, or being treated as the firm's assets in the event of its insolvency._x000D_ 2 | D83: 39814
A84: _x000D_CASS 6.1.24 | B84: G | C84: The custody rules also, where relevant,2 implement the provisions of MiFID which regulate the obligations of a firm when it holds financial instruments belonging to a client in the course of its MiFID business.2 | D84: 39814
A85: _x000D_Requirement to protect clients' safe custody assets2 | D85: 39814
A86: _x000D_CASS 6.2.1 | B86: R | C86: 1A firm must, when holding safe custody assets2 belonging to clients, make adequate arrangements so as to safeguard clients' ownership rights, especially in the event of the firm's insolvency, and to prevent the use of safe custody assets2 belonging to a client on the firm's own account except with the client's express consent._x000D_ _x000D_ _x000D_ [Note: article 16(8)10 of MiFID]_x000D_ 2 2 | D86: 43103
A87: _x000D_Requirement to have adequate organisational arrangements | D87: 43103
A88: _x000D_CASS 6.2.2 | B88: R | C88: A firm must introduce adequate organisational arrangements to minimise the risk of the loss or diminution of clients' safe custody assets,2 or the rights in connection with those safe custody assets,2 as a result of the misuse of the safe custody assets,2 fraud, poor administration, inadequate record-keeping or negligence._x000D_ _x000D_ _x000D_ [Note: article 2(1)(f)10 of the MiFID Delegated Directive10]_x000D_ 2 2 2 | D88: 43103
A89: _x000D_Registration and recording of legal title2 | D89: 43103
A90: _x000D_CASS 6.2.3 | B90: R | C90: Subject to CASS 6.2.3A-1R, a9firm must effect appropriate registration or recording of legal title to a safe custody asset2 belonging to a client8 in the name of:_x000D_ 6 2 (1) the client, unless the client is an authorised person acting on behalf of its client, in which case it may be registered in the name of the client of that authorised person;_x000D_ 6_x000D_ (2) a nominee company which is controlled by:_x000D_ (a) the firm;_x000D_ _x000D_ (b) an affiliated company;_x000D_ _x000D_ (c) a recognised investment exchange; or_x000D_ 5_x000D_ (d) a third party with whom financial instruments are deposited under CASS 6.3 (Depositing assets and arranging for assets to be deposited with third parties);3_x000D_ _x000D_ _x000D_ (3) any other third party, if the firm is not a trustee firm but is prevented from registering or recording legal title in the way set out in (1) or (2) and provided that:6_x000D_ 6(a) the safe custody asset2 is subject to the law or market practice of a jurisdiction outside the United Kingdom and the firm has taken reasonable steps to determine that it is in the client's best interests to register or record it in that way, or that it is not feasible to do otherwise, because of the nature of the applicable law or market practice; and_x000D_ 2_x000D_ (b) the firm has notified the client in writing;_x000D_ _x000D_ _x000D_ (4) the firm if either:6_x000D_ (a) it is not a trustee firm but is prevented from registering or recording legal title in the way set out in (1), (2) or (3) and provided that:6_x000D_ 6(i) the safe custody asset is subject to the law or market practice of a jurisdiction outside the United Kingdom and the firm has taken reasonable steps to determine that it is in the client's best interests to register or record it in that way, or that it is not feasible to do otherwise, because of the nature of the applicable law or market practice; and6_x000D_ _x000D_ (ii) the firm has notified the client if a professional client, or obtained prior written consent if a retail client.6_x000D_ _x000D_ _x000D_ (b) it is a trustee firm and is prevented from registering or recording legal title in the way set out in (1) or (2).6_x000D_ 6 | D90: 42156
A91: _x000D_CASS 6.2.3A- | B91: R | C91: 9A firm need not comply with CASS 6.2.3 R for any safe custody asset:_x000D_ (1) that it has deposited with a third party in accordance with CASS 6.3 (Depositing assets and arranging for assets to be deposited with third parties); and_x000D_ _x000D_ (2) for which, because of the arrangements with that third party for depositing the safe custody asset, it is not practicable for the firm to effect appropriate registration or recording of legal title itself.
A92: _x000D_CASS 6.2.3A | B92: R | C92: 4If:_x000D_ (1) the safe custody asset is an emission auction product that is a financial instrument; and_x000D_ _x000D_ (2) it is not practicable or possible for a firm to effect registration or recording of legal title in this asset in the manner set out in CASS 6.2.3 R, _x000D_ _x000D_ _x000D_ the firm must register or record legal title in its name provided it has notified the client in writing. | D92: 41117
A93: _x000D_CASS 6.2.3B | B93: G | C93: 6A firm, when complying with CASS 6.2.3R (3) or CASS 6.2.3R (4)(a), will be expected to demonstrate that adequate investigations have been made of the jurisdiction concerned by reference to local sources, which may include an appropriate legal opinion. | D93: 42156
A94: _x000D_CASS 6.2.4 | B94: R | C94: A firm must accept the same level of responsibility to its client for any nominee company controlled by the firm, or any nominee company controlled by an affiliated company of the firm,6 with respect of any requirements of the custody rules. | D94: 42156
A95: _x000D_CASS 6.2.5 | B95: R | C95: A firm may only6 register or record legal title to its own applicable asset6 in the same name as that in which legal title to a client's6safe custody asset2 is registered or recorded if the firm'sapplicable asset is separately identified from the client'ssafe custody asset in the firm's records, and either or both of the conditions in (1) and (2) are met.6_x000D_ 2 6 2 (1) The firm's holding of its own applicable asset arises incidentally to:6_x000D_ 6(a) designated investment business it carries on for the account of any client; or6_x000D_ _x000D_ (b) steps taken by the firm to comply with an applicable custody rule;6_x000D_ _x000D_ _x000D_ and, in the case of either (a) or (b), the situation where registration or recording of legal title of the firm'sapplicable asset is in the same name as the client'ssafe custody asset under this rule remains in place only to the extent that it is reasonably necessary.6_x000D_ _x000D_ (2) The registration or recording of legal title of the firm's own applicable asset in the same name as the client'ssafe custody asset is only as a result of the law or market practice of a jurisdiction outside of the United Kingdom.6_x000D_ 6 | D95: 42156
A96: _x000D_CASS 6.2.6 | B96: G | C96: 6 (1) Consistent with a firm's requirements to protect clients'safe custody assets and have adequate organisation arrangements in place (CASS 6.2.1 R and CASS 6.2.2 R), before a firm registers or records legal title to its own applicable asset in the same name as that in which legal title to a client'ssafe custody asset is registered or recorded under CASS 6.2.5 R, it should consider whether there are any means to avoid doing so._x000D_ _x000D_ (2) Examples of where the conditions under CASS 6.2.5R (1) might be met include in the course of a firm:_x000D_ (a) correcting a dealing error that relates to a transaction for the account of a client; or_x000D_ _x000D_ (b) maintaining a small balance of the firm's own applicable assets for purely operational or compliance purposes (eg, as a float to cover potential custody shortfalls) in an amount that is proportionate to the total amount of safe custody assets held for clients; or_x000D_ _x000D_ (c) allocating safe custody assets to clients following settlement of a bulk order; or_x000D_ _x000D_ (d) facilitating a client transaction that involves fractional entitlements; or_x000D_ _x000D_ (e) making good a shortfall.6 | D96: 42156
A97: _x000D_CASS 6.2.7 | B97: R | C97: A firm must ensure that any documents of title to applicable assets2 in bearer form, belonging to the firm and which it holds in its physical possession, are kept separately from any document of title to a client's safe custody assets2 in bearer form._x000D_ 2 2 | D97: 39814
A98: _x000D_Allocated but unclaimed safe custody assets6 | D98: 39814
A99: _x000D_CASS 6.2.7A | B99: R | C99: 11 CASS 6.2.8G to CASS 6.2.16G do not apply to a firm following its failure. | D99: 42942
A100: _x000D_CASS 6.2.7B | B100: G | C100: 11 CASS 6.7.2R to CASS 6.7.7R (Disposal of safe custody assets) applies to a firm following its failure in respect of allocated but unclaimed safe custody assets. | D100: 42942
A101: _x000D_CASS 6.2.8 | B101: G | C101: 6The purpose of CASS 6.2.10 R is to set out the requirements a firm must comply with if it chooses to divest itself of a client's unclaimed safe custody assets. | D101: 41974
...

Sheet CASS 7
A1: =INDEX(Settings!$B$13:$B$26,MATCH(MID(CELL("filename",A1),FIND("]",CELL("filename",A1))+1,255),Settings!$I$13:$I$26,0)) -> CASS 7 - Client money rules
A3: Ref | B3: R/G | C3: Rule | D3: Effective Date | E3: Risk | F3: In Scope | G3: Responsible Individual | H3: Accountable Individual | I3: Operational Process | J3: Design Effectivness RAG | K3: Operating Effectivness RAG | L3: MI | M3: Notes
A4: _x000D_CASS 7.10.1 | B4: R | C4: 1 1This chapter applies to a firm that receives money from or holds money for, or on behalf of, a client in the course of, or in connection with, its:_x000D_ (1) MiFID business; and/or_x000D_ _x000D_ (2) designated investment business; and/or3_x000D_ _x000D_ (3) stocks and shares ISA business;3 and/or5_x000D_ _x000D_ (4) innovative finance ISA business;5 and/or6_x000D_ _x000D_ (5) lifetime ISA business,_x000D_ 6_x000D_ _x000D_ unless otherwise specified in this section. | D4: 42831
A5: _x000D_CASS 7.10.2 | B5: G | C5: A firm is reminded that when CASS 7.10.1 R applies it should treat client money in an appropriate manner so that, for example:_x000D_ (1) if it holds client money in a client bank account that account is held in the firm's name in accordance with CASS 7.13.13 R;_x000D_ _x000D_ (2) if it allows another person to hold client money this is effected under CASS 7.14; and_x000D_ _x000D_ (3) its internal client money reconciliation takes into account any client equity balance relating to its margined transaction requirements. | D5: 42156
A6: _x000D_Opt-in to the client money rules | D6: 42156
A7: _x000D_CASS 7.10.3 | B7: R | C7: (1) A firm that receives or holds money to which this chapter applies in relation to:_x000D_ (a) its MiFID business; or _x000D_ _x000D_ (b) its MiFID business and its designated investment business which is not MiFID business; _x000D_ _x000D_ _x000D_ and holds money in respect of which CASS 5 applies, may elect to comply with the provisions of this chapter in respect of all such money and if it does so, this chapter applies as if all such money were money that the firm receives and holds in the course of, or in connection with, its MiFID business._x000D_ _x000D_ (2) A firm that receives or holds money to which this chapter applies solely in relation to its designated investment business which is not MiFID business and receives or holds money in respect of which the insurance client money chapter applies, may elect to comply with the provisions of this chapter in respect of all such money and if it does so, this chapter applies as if all such money were money that the firm receives and holds in the course of or in connection with its designated investment business._x000D_ _x000D_ (2A) (a) A firm may elect to comply with all the provisions of this chapter for money that it receives or holds in respect of an ISA that only contains a cash deposit ISA.3_x000D_ _x000D_ (b) Where a firm makes an election under (a), this chapter applies to it in the same way that it applies to a firm who receives and holds money in the course of or in connection with its MIFID business.3_x000D_ _x000D_ _x000D_ (3) A firm must make and retain a written record of any election it makes under this rule, including the date from which the election is to be effective. The firm must make the record on the date it makes the election and must keep it for a period of five years after ceasing to use it._x000D_ _x000D_ (4) This rule is subject to CASS 1.2.11 R. | D7: 42156
A8: _x000D_CASS 7.10.3A | B8: R | C8: 3Where a firm opts into this chapter under CASS 7.10.3 R (2A) it must notify clients for whom it holds the opted-in money that it is holding their money in accordance with the client money rules. | D8: 42156 | H8: =RIGHT(TRIM(LEFT($I$5,27)),10) | I8: CASS 7.10.1 R 06/04/2021
A9: _x000D_CASS 7.10.4 | B9: G | C9: Firms are reminded that, under CASS 1.2.11 R, they must not keep money in respect of which the client money chapter applies in the same client bank account or client transaction account as money for which the insurance client money chapter applies. | D9: 42156 | H9: =TRIM(LEFT(I5,13)) | I9: CASS 7.10.1 R 06/04/2022
A10: _x000D_CASS 7.10.5 | B10: G | C10: The opt-in to the client money rules under CASS 7.10.3R4 does not apply in respect of money that a firm holds outside of either the:3_x000D_ (1) scope of the insurance client money chapter; or3_x000D_ _x000D_ (2) relevant cash deposit ISA wrapper;3_x000D_ _x000D_ _x000D_ as the case may be.3 | D10: 42450 | H10: =RIGHT(TRIM(LEFT(I5,15)),1) | I10: CASS 7.10.1 R 06/04/2023
A11: _x000D_CASS 7.10.6 | B11: G | C11: If a firm has opted to comply with this chapter under CASS 7.10.3R4, the insurance client money chapter will have no application to the activities to which the election applies. | D11: 42450 | H11: =(RIGHT(A3,LEN(A3)-32)) -> #VALUE! | I11: CASS 7.10.1 R 06/04/2024
A12: _x000D_CASS 7.10.7 | B12: G | C12: (1) A firm that is only subject to the insurance client money chapter may not opt to comply with this chapter under either or both CASS 7.10.3 R (1) and CASS 7.10.3 R (2).3_x000D_ _x000D_ (2) Under CASS 7.10.3 R (2A), a firm may opt to comply with this chapter regardless of whether it is otherwise subject to the client money rules.3 | D12: 42156 | I12: CASS 7.10.1 R 06/04/2025
A13: _x000D_Loan-based crowdfunding | D13: 42156 | G13: 15 | H13: =LEFT(I13,$G$13) -> CASS 7.10.1 R | I13: CASS 7.10.1 R 06/04/2026
A14: _x000D_CASS 7.10.7A | B14: R | C14: (1) 4If both the conditions in (a) and (b) below are met in respect of a firm, or the firm reasonably expects that they will all be met in the future, then the firm has the option to elect to comply with this chapter for all of the money described in those conditions: _x000D_ (a) the firm receives or holds money for one or more persons in the course of, or in connection with, the firm’s activity of operating an electronic system in relation to non-P2P agreements; and_x000D_ _x000D_ (b) those persons are customers of the firm in their capacity as lenders under non-P2P agreements or prospective lenders under non-P2P agreements._x000D_ _x000D_ _x000D_ (2) A firm can only make the election under (1) by informing the FCA in writing of the election at least one month before the date on which it intends to start holding the money in accordance with the client money rules (“the effective date”)._x000D_ _x000D_ (3) The communication in (2) must specify the effective date. _x000D_ _x000D_ (4) The firm may change the effective date after it has made the communication in (2) provided that:_x000D_ (a) it informs the FCA in writing before the new effective date; and_x000D_ _x000D_ (b) the new effective date is not less than one month after the date of the communication in (2). | D14: 42450 | H14: =TRIM(H13) -> CASS 7.10.1 R | I14: CASS 7.10.1 R 06/04/2027
A15: _x000D_CASS 7.10.7B | B15: R | C15: (1) 4When a firm makes an election under CASS 7.10.7AR it must write to any customer (“C”) with whom it has agreed to provide relevant electronic lending services in C’s capacity as a lender or prospective lender, informing C at least one month before it will start to hold the money in accordance with the client money rules:_x000D_ (a) that all the money it holds in the course of, or in connection with, operating an electronic system in relation to non-P2P agreements for lenders and prospective lenders under non-P2P agreements will be treated in accordance with the client money rules; and_x000D_ _x000D_ (b) of the date on which this will start._x000D_ _x000D_ _x000D_ (2) The firm must also write to any customer (“C”) with whom, following the firm’s election, it agrees to provide relevant electronic lending services in C’s capacity as a lender or prospective lender._x000D_ (a) The firm must make this communication in advance of it receiving any money from or on behalf of C._x000D_ _x000D_ (b) The communication must inform C that all the money the firm holds in the course of, or in connection with, operating an electronic system in relation to non-P2P agreements for lenders and prospective lenders under non-P2P agreements will be treated in accordance with the client money rules from the date specified under (1)(b) or, if that date has passed, that this will be the case from the time of the communication onwards. | D15: 42450 | I15: CASS 7.10.1 R 06/04/2028
A16: _x000D_CASS 7.10.7C | B16: R | C16: 4Once an election made by a firm under CASS 7.10.7AR becomes effective, and until it ceases to be effective:_x000D_ (1) the firm must treat all the money referred to under CASS 7.10.7AR(1) in accordance with the election; and _x000D_ _x000D_ (2) for the purposes of (1), this chapter applies to the firm in the same way that it applies to a firm that receives and holds money in the course of or in connection with its designated investment business, except that:_x000D_ (a) CASS 7.10.10R will not apply to the money referred to under CASS 7.10.7AR(1); and_x000D_ _x000D_ (b) “client” for the purposes of CASS and rules and guidance related to CASS and their application to the firm includes customers of the firm in their capacity as lenders or prospective lenders under non-P2P agreements. | D16: 42450 | I16: CASS 7.10.1 R 06/04/2029
A17: _x000D_CASS 7.10.7D | B17: R | C17: 4If a firm that has made an election under CASS 7.10.7AR subsequently decides to cancel that election:_x000D_ (1) it can only do so by writing to the FCA, at least one month before the date the election ceases to be effective; _x000D_ _x000D_ (2) it must write to any customer with whom, as at the time of the cancellation, it has agreed to operate an electronic system in relation to non-P2P agreements in their capacity as a lender or prospective lender, informing them at least one month before the date the election ceases to be effective:_x000D_ (a) of the extent to which it will cease to hold their money in accordance with the client money rules; and_x000D_ _x000D_ (b) of the date from which those changes will take effect; and_x000D_ _x000D_ _x000D_ (3) it must write to any customer (“C”) with whom, following the firm’s decision to cancel the election but before the election ceases to be effective, it agrees to operate an electronic system in relation to non-P2P agreements in C’s capacity as a lender or prospective lender, in advance of the firm receiving any money from them or on their behalf, informing them:_x000D_ (a) of the period during which it will continue to hold all the money of lenders and prospective lenders under non-P2P agreements in accordance with the client money rules;_x000D_ _x000D_ (b) of the extent to which it will subsequently cease to hold their money in accordance with the client money rules; and_x000D_ _x000D_ (c) of the date from which those changes will take effect. | D17: 42450
A18: _x000D_CASS 7.10.7E | B18: R | C18: (1) 4A firm must make and retain a written record of any election it makes under CASS 7.10.7AR including: _x000D_ (a) the date from which the election is to be effective; and_x000D_ _x000D_ (b) if it cancels the election, the date from which the election is to cease to be effective._x000D_ _x000D_ _x000D_ (2) The firm must:_x000D_ (a) make the record on the date it makes the election;_x000D_ _x000D_ (b) update the record it if it decides to cancel the election or change the effective date; and _x000D_ _x000D_ (c) keep the record for a period of five years after ceasing to use the election. | D18: 42450
A19: _x000D_CASS 7.10.7F | B19: G | C19: (1) 4Where a firm has made an election under CASS 7.10.7AR: _x000D_ (a) it should treat money held for a client as client money both in the course of or in connection with: _x000D_ (i) operating an electronic system in relation to lending; and_x000D_ _x000D_ (ii) operating an electronic system in relation to non-P2P agreements;_x000D_ _x000D_ _x000D_ (b) (a) is regardless of whether, at the time the firm is holding the money, the client could or could not be a lender under a P2P agreement; and_x000D_ _x000D_ (c) under SYSC 4.1.8ER(2) it will be not be able to accept, take, or receive the transfer of full ownership of money relating to non-P2P agreements._x000D_ _x000D_ _x000D_ (2) Where a firm has not made an election under CASS 7.10.7AR, or where it has previously made an election but the election has ceased to be effective under CASS 7.10.7DR, any money it holds:_x000D_ (a) in the course of, or in connection with relevant electronic lending services, for a client who at that time will or could be a lender under a P2P agreement in respect of that money, should be treated as client money (for example because that client’s contractual investment criteria permit that money to be invested in a P2P agreement); and_x000D_ _x000D_ (b) in the course of, or in connection with, operating an electronic system in relation to non-P2P agreements, for a customer who at that time could not be a lender under a P2P agreement in respect of that money, should not be treated as client money (for example because that customer’s contractual investment criteria only permit that money to be invested in a non-P2P agreement). | D19: 42450
A20: _x000D_Money that is not client money: 'opt outs' for any business other than insurance distribution activity | D20: 42450
A21: _x000D_CASS 7.10.8 | B21: R | C21: CASS 7.10.9 G to CASS 7.10.15 G do not apply to a firm in relation to money held in connection with its MiFID business to which this chapter applies or in relation to money for which the firm has made an election under CASS 7.10.3 R(1) or CASS 7.10.7AR4. | D21: 42450
A22: _x000D_Professional client opt-out | D22: 42450
A23: _x000D_CASS 7.10.9 | B23: G | C23: The 'opt out' provisions provide a firm with the option of allowing a professional client to choose whether their money is subject to the client money rules (unless the firm is conducting insurance distribution activity10). | D23: 43374
A24: _x000D_CASS 7.10.10 | B24: R | C24: Subject to CASS 7.10.12 R, money is not client money when a firm (other than a sole trader) holds that money on behalf of, or receives it from, a professional client, other than in the course of insurance distribution activity10, and the firm has obtained written acknowledgement from the professional client that:_x000D_ (1) money will not be subject to the protections conferred by the client money rules;_x000D_ _x000D_ (2) as a consequence, this money will not be segregated from the money of the firm in accordance with the client money rules and will be used by the firm in the course of its own business; and_x000D_ _x000D_ (3) the professional client will rank only as a general creditor of the firm. | D24: 43374
A25: _x000D_'Opt-outs' for non-IDD business | D25: 43374
A26: _x000D_CASS 7.10.11 | B26: G | C26: For a firm whose business is not governed by the IDD10, it is possible to 'opt out' on a one-way basis. However, in order to maintain a comparable regime to that applying to MiFID business, all 'MiFID type' business undertaken outside the scope of MiFID should comply with the client money rules or be 'opted out' on a two-way basis. | D26: 43374
A27: _x000D_CASS 7.10.12 | B27: R | C27: Money is not client money if a firm, in respect of designated investment business which is not an investment service or activity, an ancillary service, a listed activity or insurance distribution activity10:_x000D_ (1) holds it on behalf of or receives it from a professional client who is not an authorised person; and _x000D_ _x000D_ (2) has sent a separate written notice to the professional client stating the matters set out in CASS 7.10.10 R (1) to CASS 7.10.10 R (3). | D27: 43374
A28: _x000D_CASS 7.10.13 | B28: G | C28: When a firm undertakes a range of business for a professional client and has separate agreements for each type of business undertaken, the firm may treat client money held on behalf of the client differently for different types of business; for example, a firm may, under CASS 7.10.10 R or CASS 7.10.12 R, elect to segregate client money in connection with securities transactions and not segregate (by complying with CASS 7.10.10 R or CASS 7.10.12 R) money in connection with contingent liability investments for the same client. | D28: 42156
A29: _x000D_CASS 7.10.14 | B29: R | C29: When a firm transfers client money to another person, the firm must not enter into an agreement under CASS 7.10.10 R or CASS 7.10.12 R with that other person in relation to that client money or represent to that other person that the money is not client money. | D29: 42156
A30: _x000D_CASS 7.10.15 | B30: G | C30: CASS 7.10.14 R prevents a firm, when passing client money to another person under CASS 7.14.2 R (Transfer of client money to a third party), from making use of the 'opt out' provisions under CASS 7.10.10 R or CASS 7.10.12 R. | D30: 42156
A31: _x000D_Credit institutions and approved banks | D31: 42156
A32: _x000D_CASS 7.10.16 | B32: R | C32: In relation to the application of the client money rules (and any other rule in so far as it relates to matters covered by the client money rules) to the firms referred to in (1) and (2), the following is not client money:_x000D_ (1) any deposits within the meaning of the CRD held by a CRD credit institution; and_x000D_ _x000D_ [Note: article 16(9)7 of MiFID and article 4(1)7 of the MiFID Delegated Directive7]_x000D_ _x000D_ (2) any money held by an approved bank that is not a CRD credit institution in an account with itself in relation to designated investment business carried on for its clients. | D32: 43103
A33: _x000D_CASS 7.10.17 | B33: G | C33: A firm referred to in CASS 7.10.16 R must comply, as relevant, with CASS 7.10.18 G to CASS 7.10.24 R. | D33: 42156
A34: _x000D_CASS 7.10.18 | B34: G | C34: The effect of CASS 7.10.16 R is that, unless notified otherwise in accordance with CASS 7.10.20 R or CASS 7.10.22 R, clients of CRD credit institutions or approved banks that are not CRD credit institutions should expect that where they pass money to such firms in connection with designated investment business these sums will not be held as client money. | D34: 42156
A35: _x000D_CASS 7.10.19 | B35: R | C35: A firm holding money in either of the ways described in CASS 7.10.16 R must, before providing designated investment business services to the client in respect of those sums, notify the client that:_x000D_ (1) the money held for that client is held by the firm as banker and not as a trustee under the client money rules; and_x000D_ _x000D_ (2) if the firmfails, the client money distribution and transfer rules8 will not apply to these sums and so the client will not be entitled to share in any distribution under the client money distribution and transfer rules8. | D35: 42942
A36: _x000D_CASS 7.10.20 | B36: R | C36: A firm holding money in either of the ways described in CASS 7.10.16 R in respect of a client and providing the services to it referred to in CASS 7.10.19 R must:_x000D_ (1) explain to its clients the circumstances, if any, under which it will cease to hold any money in respect of those services as banker and will hold the money as trustee in accordance with the client money rules; and_x000D_ _x000D_ (2) set out the circumstances in (1), if any, in its terms of business so that they form part of its agreement with the client. | D36: 42156
A37: _x000D_CASS 7.10.21 | B37: G | C37: Where a firm receives money that would otherwise be held as client money but for CASS 7.10.16 R:_x000D_ (1) it should be able to account to all of its clients for sums held for them at all times; and_x000D_ _x000D_ (2) that money should, pursuant to Principle 10, be allocated to the relevant client promptly. This should be done no later than ten business days after the firm has received the money. | D37: 42156
A38: _x000D_CASS 7.10.22 | B38: R | C38: If a CRD credit institution or an approved bank that is not a CRD credit institution wishes to hold client money for a client (rather than hold the money in either of the ways described in CASS 7.10.16 R) it must, before providing designated investment business services to the client, disclose the following information to the client:_x000D_ (1) that the money held for that client in the course of or in connection with the business described under (2) is being held by the firm as client money under the client money rules;_x000D_ _x000D_ (2) a description of the relevant business carried on with the client in respect of which the client money rules apply to the firm; and_x000D_ _x000D_ (3) that, if the firm fails, the client money distribution and transfer rules8 will apply to money held in relation to the business in question. | D38: 42942
A39: _x000D_CASS 7.10.23 | B39: G | C39: Firms carrying on MiFID business are reminded of their obligation to supply investor compensation scheme information to clients under COBS 6.1.16 R or COBS 6.1ZA.22R9 (Compensation Information)._x000D_ 7 | D39: 43103
A40: _x000D_CASS 7.10.24 | B40: R | C40: A CRD credit institution or an approved bank that is not a CRD credit institution must, in respect of any client money held in relation to its designated investment business that is not MiFID business, comply with the obligations referred to in COBS 6.1.16 R (Compensation information). | D40: 42156
A41: _x000D_Affiliated companies: MiFID business | D41: 42156
A42: _x000D_CASS 7.10.25 | B42: G | C42: A firm that holds money on behalf of, or receives money from, an affiliated company in respect of MiFID business must treat the affiliated company as any other client of the firm for the purposes of this chapter. | D42: 42156
A43: _x000D_Affiliated companies: non-MiFID business | D43: 42156
A44: _x000D_CASS 7.10.26 | B44: R | C44: A firm that holds money on behalf of, or receives money from, an affiliated company in respect of designated investment business which is not MiFID business must not treat the money as client money unless:_x000D_ (1) the firm has been notified by the affiliated company that the money belongs to a client of the affiliated company; or_x000D_ _x000D_ (2) the affiliated company is a client dealt with at arm's length; or_x000D_ _x000D_ (3) the affiliated company is a manager of an occupational pension scheme or is an overseas company; and _x000D_ (a) the money is given to the firm in order to carry on designated investment business for or on behalf of the clients of the affiliated company; and _x000D_ _x000D_ (b) the firm has been notified by the affiliated company that the money is to be treated as client money. | D44: 42156
A45: _x000D_Coins | D45: 42156
A46: _x000D_CASS 7.10.27 | B46: R | C46: The client money rules do not apply with respect to coins held on behalf of a client if the firm and the client have agreed that the money (or money of that type) is to be held by the firm for the intrinsic value of the metal which constitutes the coin. | D46: 42156
A47: _x000D_Solicitors | D47: 42156
A48: _x000D_CASS 7.10.28 | B48: R | C48: (1) An authorised professional firm regulated by the Law Society (of England and Wales), the Law Society of Scotland or the Law Society of Northern Ireland that, with respect to its regulated activities, is subject to the following rules of its designated professional body, must comply with those rules and, where relevant paragraph (3), and if it does so, it will be deemed to comply with the client money rules._x000D_ _x000D_ (2) The relevant rules are: _x000D_ (a) if the firm is regulated by the Law Society (of England and Wales), the SRA Accounts Rules 2011;_x000D_ _x000D_ (b) if the firm is regulated by the Law Society of Scotland, the Law Society of Scotland Practice Rules 2011; and_x000D_ _x000D_ (c) if the firm is regulated by the Law Society of Northern Ireland, the Solicitors' Accounts Regulations 1998._x000D_ _x000D_ _x000D_ (3) If the firm in (1) is a MiFID investment firm that receives or holds money for, or on behalf of a client in the course of, or in connection with its MiFID business, it must also comply with the MiFID client money (minimum implementing) rules in relation to that business. | D48: 42156
A49: _x000D_Long term insurers and friendly societies | D49: 42156
A50: _x000D_CASS 7.10.29 | B50: R | C50: This chapter does not apply to the permitted activities of a long-term insurer or a friendly society, unless it is a MiFID investment firm that receives money from or holds money for or on behalf of a client in the course of, or in connection with, its MiFID business. | D50: 42156
A51: _x000D_Contracts of insurance | D51: 42156
A52: _x000D_CASS 7.10.30 | B52: R | C52: (1) Provided it complies with CASS 1.2.11 R, a firm that receives or holds client money in relation to contracts of insurance may elect to comply with the provisions of the insurance client money chapter, instead of this chapter, in respect of all such money._x000D_ _x000D_ (2) This rule is subject to CASS 1.2.11 R. | D52: 42156
A53: _x000D_CASS 7.10.31 | B53: R | C53: A firm must make and retain a written record of any election which it makes under CASS 7.10.30 R. | D53: 42156
A54: _x000D_Life assurance business | D54: 42156
A55: _x000D_CASS 7.10.32 | B55: G | C55: (1) A firm which receives and holds client money in respect of life assurance business in the course of its designated investment business that is not MiFID business may:_x000D_ (a) under CASS 7.10.3 R (2) elect to comply with the client money chapter in respect of such client money and in doing so avoid the need to comply with the insurance client money chapter which would otherwise apply to the firm in respect of client money received in the course of its insurance distribution activity10; or _x000D_ _x000D_ (b) under CASS 7.10.30 R, elect to comply with the insurance client money chapter in respect of such client money._x000D_ _x000D_ _x000D_ (2) These options are available to a firm irrespective of whether it also receives and holds client money in respect of other parts of its designated investment business. A firm may not however choose to comply with the insurance client money chapter in respect of client money which it receives and holds in the course of any part of its designated investment business which does not involve an insurance distribution activity10. | D55: 43374
A56: _x000D_Trustee firms | D56: 43374
A57: _x000D_CASS 7.10.33 | B57: R | C57: A trustee firm which holds money in relation to its designated investment business which is not MiFID business to which this chapter applies, must hold any such client money separate from its own money at all times. | D57: 42156
A58: _x000D_CASS 7.10.34 | B58: R | C58: Subject to CASS 7.10.35 R only the client money rules listed in the table below apply to a trustee firm in connection with money that the firm receives, or holds for or on behalf of a client in the course of or in connection with its designated investment business which is not MiFID business._x000D_ _x000D_ _x000D_ Reference_x000D_ _x000D_ Rule_x000D_ _x000D_ _x000D_ _x000D_ CASS 7.10.1 R to CASS 7.10.6 G, and CASS 7.10.16 R to CASS 7.10.27 R_x000D_ _x000D_ Application_x000D_ _x000D_ _x000D_ CASS 7.10.33 R to CASS 7.10.40 G_x000D_ _x000D_ Trustee firms_x000D_ _x000D_ _x000D_ CASS 7.10.41 G _x000D_ _x000D_ General purpose_x000D_ _x000D_ _x000D_ CASS 7.13.3 R to CASS 7.13.4 G_x000D_ _x000D_ Depositing client money_x000D_ _x000D_ _x000D_ CASS 7.13.8 R to CASS 7.13.11 G_x000D_ _x000D_ Selection, appointment and review of third parties_x000D_ _x000D_ _x000D_ CASS 7.13.12 R to CASS 7.13.19 G_x000D_ _x000D_ Client bank accounts_x000D_ _x000D_ _x000D_ CASS 7.13.20 R to CASS 7.13.25 R_x000D_ _x000D_ Diversification of client money_x000D_ _x000D_ _x000D_ CASS 7.13.26 R to CASS 7.13.29 G_x000D_ _x000D_ Qualifying money market funds_x000D_ _x000D_ _x000D_ CASS 7.15.5 R (3) , CASS 7.15.7 R and CASS 7.15.12 R to CASS 7.15.34 G_x000D_ _x000D_ Reconciliation of client money balances_x000D_ _x000D_ _x000D_ CASS 7.16 _x000D_ _x000D_ The standard methods of internal client money reconciliation_x000D_ _x000D_ _x000D_ CASS 7.17.2 R to CASS 7.17.4 G_x000D_ _x000D_ Requirement | D58: 42156
A59: _x000D_CASS 7.10.35 | B59: R | C59: (1) A trustee firm to which CASS 7.10.34 R applies may, in addition to the client money rules set out at CASS 7.10.34 R, also elect to comply with:_x000D_ (a) all the client money rules in CASS 7.13 (Segregation of client money); _x000D_ _x000D_ (b) CASS 7.14 (Client money held by a third party);_x000D_ _x000D_ (c) all the client money rules in CASS 7.15 (Records, accounts and reconciliations); or_x000D_ _x000D_ (d) CASS 7.18 (Acknowledgement letters)._x000D_ _x000D_ _x000D_ (2) A trustee firm must make a written record of any election it makes under this rule, including the date from which the election is to be effective. The firm must make the record on the date it makes the election and must keep it for a period of five years after ceasing to use it._x000D_ _x000D_ (3) Where a trustee firm has made an election under (1) which it subsequently decides to cease to use, it must make a written record of this decision, including the date from which the decision is to be effective, and keep that record from the date the decision is made for a period of five years after the date it is to be effective. | D59: 42156
A60: _x000D_CASS 7.10.36 | B60: R | C60: A trustee firm to which CASS 7.10.34 R applies and which is otherwise subject to the client money rules must ensure that any client money it holds other than in its capacity as trustee firm is segregated from client money it holds as a trustee firm. | D60: 42156
A61: _x000D_CASS 7.10.37 | B61: G | C61: A trustee firm to which CASS 7.10.34 R applies and which is otherwise subject to the client money rules should ensure that in designing its systems and controls it:_x000D_ (1) takes into account that the client money distribution rules will only apply in relation to any client money that the firm holds other than in its capacity as trustee firm; and_x000D_ _x000D_ (2) has regard to other legislation that may be applicable. | D61: 42156
A62: _x000D_CASS 7.10.38 | B62: R | C62: (1) A trustee firm to which CASS 7.10.34 R applies may elect that: _x000D_ (a) the applicable provisions of CASS 7.13 (Segregation of client money) and CASS 7.15 (Records, accounts and reconciliations) under CASS 7.10.34 R; and_x000D_ _x000D_ (b) 2any further provisions it elects to comply with under CASS 7.10.35 R (1);_x000D_ _x000D_ _x000D_ will apply separately and concurrently for each distinct trust that the trustee firm acts for._x000D_ _x000D_ (2) A trustee firm must make a written record of any election it makes under this rule, including the date from which the election is to be effective. The firm must make the record on the date it makes the election and must keep it for a period of five years after ceasing to use it._x000D_ _x000D_ (3) Where a trustee firm has made an election under (1) which it subsequently decides to cease to use, it must make a written record of this decision, including the date from which the decision is to be effective, and must keep that record from the date the decision is made for a period of five years after the date it is to be effective. | D62: 42156
A63: _x000D_CASS 7.10.39 | B63: G | C63: A trustee firm may wish to make an election under CASS 7.10.38 R if, for example, it acts for a number of distinct trusts which it wishes, or is required, to keep operationally separate. If a firm makes such an election then it should:_x000D_ (1) establish and maintain adequate internal systems and controls to effectively segregate client money held for one trust from client money held for another trust; and_x000D_ _x000D_ (2) conduct internal client money reconciliations as set out in CASS 7.16 and external client money reconciliations under CASS 7.15.20 R for each trust. | D63: 42156
A64: _x000D_CASS 7.10.40 | B64: G | C64: The provisions in CASS 7.10.34 R to CASS 7.10.39 G do not affect the general application of the client money rules regarding money that is held by a firm other than in its capacity as a trustee firm. | D64: 42156
A65: _x000D_General purpose | D65: 42156
A66: _x000D_CASS 7.10.41 | B66: G | C66: (1) Principle 10 (Clients' assets) requires a firm to arrange adequate protection for clients' assets when the firm is responsible for them. An essential part of that protection is the proper accounting and treatment of client money. The client money rules provide requirements for firms that receive or hold client money, in whatever form._x000D_ _x000D_ (2) The client money rules also, where relevant, implement the provisions of MiFID which regulate the obligations of a firm when it holds client money in the course of its MiFID business. | D66: 42156
A67: _x000D_Title transfer collateral arrangements | D67: 42156
A68: _x000D_CASS 7.11.1 | B68: R | C68: (1) [deleted]5_x000D_ 1_x000D_ (2) [deleted]5_x000D_ _x000D_ (3) (a) A firm must not enter into a TTCA in respect of money belonging to a retail client. 5_x000D_ _x000D_ (b) Where a firm entered into a TTCA in respect of money belonging to a retail client (or money which would belong to a retail client but for the arrangement) before 3 January 2018, the firm must terminate that TTCA.5_x000D_ _x000D_ [Note: article 16(10) of MiFID and article 5(5) of the MiFID Delegated Directive]5_x000D_ _x000D_ (4) Money that is subject to a TTCA does not amount to client money, provided that the TTCA is not with a retail client._x000D_ _x000D_ [Note: recital 52 to MiFID]5 | D68: 43103
A69: _x000D_CASS 7.11.2 | B69: R | C69: [deleted]5 | D69: 43103
A70: _x000D_CASS 7.11.3 | B70: R | C70: (1) A firm must ensure that any TTCA5 is the subject of a written agreement made on a durable medium between the firm and the client._x000D_ _x000D_ (2) Regardless of the form of the written agreement in (1) (which may have additional commercial purposes), it must cover the client's agreement to:_x000D_ (a) the terms for the arrangement relating to the transfer of the client's full ownership of money to the firm;_x000D_ _x000D_ (b) any terms under which the ownership of money is to transfer from the firm back to the client; and_x000D_ _x000D_ (c) (to the extent not covered by the terms under (b)), any terms for the termination of:_x000D_ (i) the arrangement under (a); or_x000D_ _x000D_ (ii) the overall agreement in (1)._x000D_ _x000D_ _x000D_ _x000D_ (3) A firm must retain a copy of the agreement under (1) from the date the agreement is entered into and until five years after the agreement is terminated. | D70: 43103
A71: _x000D_CASS 7.11.4 | B71: G | C71: The terms referred to in CASS 7.11.3 R (2)(b) may include, for example, terms under which the arrangement relating to the transfer of full ownership of money to the firm is not in effect from time to time, or is contingent on some other condition. | D71: 42156
A72: _x000D_CASS 7.11.4A | B72: R | C72: (1) 5A firm must properly consider and document the use of TTCAs in the context of the relationship between the client’s obligation to the firm and the money subjected to TTCAs by the firm._x000D_ _x000D_ (2) A firm must be able to demonstrate that it has complied with the requirement under (1)._x000D_ _x000D_ (3) When considering, and documenting, the appropriateness of the use of TTCAs, a firm must take into account the following factors:_x000D_ (a) whether there is only a very weak connection between the client’s obligation to the firm and the use of TTCAs, including whether the likelihood of a liability arising is low or negligible;_x000D_ _x000D_ (b) the extent by which the amount of money subject to a TTCA is in excess of the client’s obligations (including where the TTCA applies to all money from the point of receipt by the firm) and whether the client might have no obligations at all to the firm; and_x000D_ _x000D_ (c) whether all the client’s money is made subject to TTCAs, without consideration of what obligation the client has to the firm._x000D_ _x000D_ _x000D_ (4) Where a firm uses a TTCA, it must highlight to the client the risks involved and the effect of any TTCA on the client’s money._x000D_ _x000D_ _x000D_ [Note: article 6 of the MiFID Delegated Directive] | D72: 43103
A73: _x000D_CASS 7.11.5 | B73: G | C73: [deleted]5 | D73: 43103
A74: _x000D_CASS 7.11.6 | B74: G | C74: Where a firm has received full title or full ownership to money under a collateral arrangement, the fact that it has also granted a security interest to its client to secure its obligation to repay that money to the client would not result in the money being client money. This can be compared to a situation in which a firm takes a charge or other security interest over money held in a client bank account, where that money would still be client money as there would be no absolute transfer of title to the firm. However, where a firm has received client money under a security interest and the security interest includes a "right to use arrangement", under which the client agrees to transfer all of its rights to money in that account to the firm upon the exercise of the right to use, the money may cease to be client money, but only once the right to use is exercised and the money is transferred out of the client bank account to the firm. | D74: 42156
A75: _x000D_CASS 7.11.7 | B75: G | C75: Firms are reminded of the client'sbest interest rule, which requires a firm to act honestly, fairly and professionally in accordance with the best interests of its clients when structuring its business particularly in respect of the effect of that structure on firms' obligations under the client money rules. | D75: 42156
A76: _x000D_CASS 7.11.8 | B76: G | C76: [deleted]5 | D76: 43103
A77: _x000D_Termination of title transfer collateral arrangements | D77: 43103
A78: _x000D_CASS 7.11.9 | B78: R | C78: (1) If a client communicates to a firm that it wishes (whether pursuant to a contractual right or otherwise) to terminate a TTCA5, and the client's communication is not in writing, the firm must make a written record of the client's communication, which also records the date the communication was received._x000D_ _x000D_ (2) A firm must keep a client's written communication, or a written record of the client's communication in (1), for five years starting from the date the communication was received by the firm._x000D_ _x000D_ (3) (a) If a firm agrees to the termination of a TTCA5, it must notify the client of its agreement in writing. The notification must state when the termination is to take effect and whether or not the client's money will be treated as client money by the firm thereafter._x000D_ _x000D_ (b) If a firm does not agree to terminate a TTCA5, it must notify the client of its disagreement in writing._x000D_ _x000D_ _x000D_ (4) A firm must keep a written record of any notification it makes to a client under (3) for a period of five years, starting from the date the notification was made. | D78: 43103
A79: _x000D_CASS 7.11.10 | B79: G | C79: CASS 7.11.9 R (3)(a) refers only to a firm's agreement to terminate an existing TTCA5. Such agreement by a firm does not necessarily need to amount to the termination of its entire agreement with the client. | D79: 43103
A80: _x000D_CASS 7.11.11 | B80: G | C80: When a firm notifies a client under CASS 7.11.9 R (3)(a) of when the termination of a TTCA5 is to take effect, it should take into account:_x000D_ (1) any relevant terms relating to such a termination that have been agreed with the client; and_x000D_ _x000D_ (2) the period of time it reasonably requires to return the money to the client, or to update its records under CASS 7.15 (Records, accounts and reconciliations) and to segregate the money as client money under CASS 7.13 (Segregation of client money). | D80: 43103
A81: _x000D_CASS 7.11.12 | B81: R | C81: (1) If a TTCA is terminated then, unless otherwise permitted under the client money rules and notified to the client under CASS 7.11.9R(3)(a), the firm must treat that money as client money from the start of the next business day following the date of termination as set out in the firm’s notification under CASS 7.11.9R (3)(a). 5_x000D_ _x000D_ (2) Where the firm’s notification under CASS 7.11.9R(3)(a) does not state when the termination of the arrangement will take effect, the firm must treat that money as client money from the start of the next business day following the date on which the firm’s notification is made.5 | D81: 43103
A82: _x000D_CASS 7.11.13 | B82: G | C82: A firm to which CASS 7.11.12 R applies should, for example, update its records under CASS 7.15 (Records, accounts and reconciliations) and segregate the money as client money under CASS 7.13 (Segregation of client money), from the relevant time at which the firm is required to treat the money as client money. | D82: 42156
A83: _x000D_Delivery versus payment transaction exemption | D83: 42156
A84: _x000D_CASS 7.11.14 | B84: R | C84: (1) Subject to (2) and CASS 7.11.16 R and with the agreement of the relevant client, money need not be treated as client money in respect of a delivery versus payment transaction through a commercial settlement system if:_x000D_ (a) in respect of a client's purchase the firm intends for the money from the client to be due to it within one business day following the firm's fulfilment of its delivery obligation to the client; or_x000D_ _x000D_ (b) in respect of a client's sale, the firm intends for the money in question to be due to the client within one business day following the client's fulfilment of its delivery obligation to the firm._x000D_ _x000D_ _x000D_ (2) If the payment or delivery by the firm to the client has not occurred by the close of business on the third business day following the date on which the firm makes use of the exemption under (1), the firm must stop using that exemption for the transaction. | D84: 42156
A85: _x000D_CASS 7.11.15 | B85: G | C85: [deleted]8_x000D_ 5 | D85: 44197
A86: _x000D_CASS 7.11.16 | B86: R | C86: A firm cannot, in respect of a particular delivery versus payment transaction, make use of the exemption under CASS 7.11.14 R in either or both of the following circumstances: _x000D_ (1) it is not a direct member or participant of the relevant commercial settlement system, nor is it sponsored by such a member or participant, in accordance with the terms and conditions of that commercial settlement system; _x000D_ _x000D_ (2) the transaction in question is being settled by another person on behalf of the firm through an account held at the relevant commercial settlement system by that other person. | D86: 42156
A87: _x000D_CASS 7.11.17 | B87: R | C87: Where a firm does not meet the requirements in CASS 7.11.14 R or CASS 7.11.16 R for the use of the exemption in CASS 7.11.14 R , the firm is subject to the client money rules in respect of any money it holds in connection with the delivery versus payment transaction in question. | D87: 42156
A88: _x000D_CASS 7.11.18 | B88: G | C88: (1) In line with CASS 7.11.14 R, where a firm receives money from the client in fulfilment of the client's payment obligation in respect of a delivery versus payment transaction the firm is carrying out through a commercial settlement system in respect of a client's purchase, and the firm has not fulfilled its delivery obligation to the client by close of business on the third business day following the date of the client's fulfilment of its payment obligation to the firm, the firm must treat the client money in accordance with the client money rules until delivery by the firm to the client occurs._x000D_ _x000D_ (2) Upon settlement of a delivery versus payment transaction a firm is carrying out through a commercial settlement system (including when it is settled within the three business day period referred to in CASS 7.11.14 R (2)) then, in respect of:_x000D_ (a) a client's purchase, the custody rules apply to the relevant safe custody asset the firm receives upon settlement; and_x000D_ _x000D_ (b) a client's sale, the client money rules will apply to the relevant money received on settlement. | D88: 42156
A89: _x000D_CASS 7.11.19 | B89: R | C89: A firm will not be in breach of the requirement under CASS 7.13.6 R to receive client money directly into a client bank account if it: _x000D_ (1) receives the money in question: _x000D_ (a) in accordance with CASS 7.11.14 R (1)(a) but it is subsequently required under CASS 7.11.14 R (2) to hold that money in accordance with the client money rules; or_x000D_ _x000D_ (b) in the circumstances referred to in CASS 7.11.18 G (2)(b); and_x000D_ _x000D_ _x000D_ (2) pays the money in question into a client bank account promptly, and in any event by close of business on the business day following:_x000D_ (a) the expiration of the relevant period referred to in CASS 7.11.14 R (2); or_x000D_ _x000D_ (b) receipt of the money in the circumstances referred to in CASS 7.11.18 G (2)(b). | D89: 42156
A90: _x000D_CASS 7.11.20 | B90: R | C90: (1) If a firm makes use of the exemption under CASS 7.11.14 R, it must obtain the client's written agreement to the firm's use of the exemption._x000D_ _x000D_ (2) In respect of each client, the record created in (1) must be retained during the time that the firm makes use, or intends to make use, of the exemption under CASS 7.11.14 R in respect of that client's monies. | D90: 42156
A91: _x000D_CASS 7.11.21 | B91: R | C91: (1) Subject to (2)(a)3, money need not be treated as client money:_x000D_ 3(a) in respect of a delivery versus payment transaction for the purpose of settling a transaction in relation to units in a regulated collective investment scheme in either of the following circumstances:_x000D_ (i) the authorised fund manager receives the money from a client in relation to the authorised fund manager's obligation to issue units, in an AUT or ACS, or to arrange for the issue of units in an ICVC, in accordance with COLL; or_x000D_ _x000D_ (ii) the money is held in the course of redeeming units where the proceeds of that redemption are paid to a client within the time specified in COLL.2_x000D_ _x000D_ _x000D_ _x000D_ (2) (a) Where, in respect of money received in any of the circumstances set out in (1), the authorised fund manager has not, by close of business on the business day following the date of receipt of the money, paid this money to the depositary of an AUT or ACS, the ICVC or to the client as the case may be, the authorised fund manager must stop using the exemption under (1) for that transaction.3_x000D_ _x000D_ (b) Paragraph (2)(a) does not prevent a firm transferring client money segregated under (2)(a) into the firm's own account, provided this is done only for the purpose of making a payment on the same day from that account in accordance with CASS 7.11.34R(1) to CASS 7.11.34R(3) (Discharge of fiduciary duty).3 | D91: 42156
A92: _x000D_CASS 7.11.22 | B92: R | C92: An authorised fund manager will not be in breach of the requirement under CASS 7.13.6R to receive client money directly into a client bank account if it received the money in accordance with CASS 7.11.21 R (1) and is subsequently required under CASS 7.11.21 R (2) to hold that money in accordance with the client money rules. | D92: 42156
A93: _x000D_CASS 7.11.23 | B93: G | C93: Where proceeds of redemption paid to the client in accordance with CASS 7.11.21 R (1)(a)(ii) are paid by cheque, the cheque should be issued from the relevant client bank account. | D93: 42156
A94: _x000D_CASS 7.11.24 | B94: R | C94: (1) If a firm makes use of the exemption under CASS 7.11.21 R, it must obtain the client's written agreement to the firm's use of the exemption._x000D_ _x000D_ (2) In respect of each client, the record created in (1) must be retained for the duration of the time that the firm makes use of the exemption under CASS 7.11.21 R in respect of that client's money. | D94: 42156
A95: _x000D_Money due and payable to the firm | D95: 42156
A96: _x000D_CASS 7.11.25 | B96: R | C96: (1) Money is not client money when it becomes properly due and payable to the firm for its own account._x000D_ _x000D_ (2) For these purposes, if a firm makes a payment to, or on the instructions of, a client, from an account other than a client bank account, until that payment has cleared, no equivalent sum from a client bank account for reimbursement will become due and payable to the firm. | D96: 42156
A97: _x000D_CASS 7.11.26 | B97: G | C97: Money will not become properly due and payable to the firm merely through the firm holding that money for a specified period of time. If a firm wishes to cease to hold client money for a client it must comply with CASS 7.11.34 R (Discharge of fiduciary duty) or, if the balance is allocated but unclaimed client money, CASS 7.11.50 R (Allocated but unclaimed client money) or CASS 7.11.57 R (De minimis amounts of unclaimed client money). | D97: 42156
A98: _x000D_CASS 7.11.27 | B98: G | C98: Money held as client money becomes due and payable to the firm or for the firm's own account, for example, because the firm acted as principal in the contract or the firm, acting as agent, has itself paid for securities in advance of receiving the purchase money from its client. The circumstances in which it is due and payable will depend on the contractual arrangement between the firm and the client. | D98: 42156
A99: _x000D_CASS 7.11.28 | B99: G | C99: Firms are reminded that, notwithstanding that money may be due and payable to them, they have a continuing obligation to segregate client money in accordance with the client money rules. In particular, in accordance with CASS 7.15.2 R, firms must ensure the accuracy of their records and accounts and are reminded of the requirement to carry out internal client money reconciliations either in accordance with the standard methods of internal client money reconciliation or the requirements for a non-standard method of internal client money reconciliation. | D99: 42156
A100: _x000D_CASS 7.11.29 | B100: G | C100: When a client's obligation or liability, which is secured by that client's asset, crystallises, and the firm realises the asset in accordance with an agreement entered into between the client and the firm, the part of the proceeds of the asset to cover such liability that is due and payable to the firm is not client money. However, any proceeds of sale in excess of the amount owed by the client to the firm should be paid over to the client immediately or be held in accordance with the client money rules. | D100: 42156
A101: _x000D_Commission rebate | D101: 42156
...

Sheet CASS 7A
A1: =INDEX(Settings!$B$13:$B$24,MATCH(MID(CELL("filename",A1),FIND("]",CELL("filename",A1))+1,255),Settings!$I$13:$I$24,0)) -> CASS 7A - Client money distribution and transfer
A3: Ref | B3: R/G | C3: Rule | D3: Effective Date | E3: Risk | F3: In Scope | G3: Responsible Individual | H3: Accountable Individual | I3: Operational Process | J3: Design Effectivness RAG | K3: Operating Effectivness RAG | L3: MI | M3: Notes
A4: _x000D_Application | D4: 0
A5: _x000D_CASS 7A.1.1 | B5: R | C5: 1Subject to CASS 7A.1.1A R, this2 chapter (the client money distribution and transfer rules4) applies to a firm that holds client money which is subject to the client money rules when a pooling event2 occurs._x000D_ 2 2 | D5: 42942
A6: _x000D_CASS 7A.1.1A | B6: R | C6: 2The client money distribution and transfer rules4 do not apply to any client money held by a trustee firm under CASS 7.10.34R3 to CASS 7.10.40G3. | D6: 42942
A7: _x000D_CASS 7A.1.1B | B7: G | C7: 2As a result of CASS 7A.1.1A R, the client money distribution and transfer rules4 relating to primary pooling events and secondary pooling events will not affect any client money held by a firm in its capacity as trustee firm. Instead, the treatment of that client money will be determined by the terms of the relevant instrument of trust or by applicable law. However, the client money distribution and transfer rules4 do apply to a firm for any client money that it holds other than in that capacity which is subject to the client money rules. | D7: 42942
A8: _x000D_Purpose | D8: 42942
A9: _x000D_CASS 7A.1.2 | B9: G | C9: The client money distribution and transfer rules set out the required treatment of client money on the occurrence of a pooling event so that where:4_x000D_ (1) for example, a firmfails (but also in other situations where a primary pooling event occurs), the rules in CASS 7A.2 (Primary pooling events) facilitate the return or transfer of client money; and4_x000D_ _x000D_ (2) a person at which the firm holds client moneyfails, the rules in CASS 7A.3 (Secondary pooling events) allocate any loss of client money among certain of the firm’sclients.4 | D9: 42942
A10: _x000D_Failure of the authorised firm: primary pooling event | D10: 42942
A11: _x000D_CASS 7A.2.1 | B11: G | C11: [deleted]7 | D11: 42942
A12: _x000D_CASS 7A.2.2 | B12: R | C12: A primary pooling event occurs:_x000D_ (1) on the failure of the firm;_x000D_ _x000D_ (2) on the vesting of assets in a trustee2 in accordance with an 'assets requirement' imposed under section 55P(1)(b) or (c) (as the case may be) of the Act;_x000D_ 2_x000D_ (3) on the coming into force of a requirement or requirements which, either separately or in combination:7_x000D_ (a) is or are for all client money held by the firm; and7_x000D_ _x000D_ (b) require the firm to take steps to cease holding all client money7; or_x000D_ _x000D_ _x000D_ (4) when the firm notifies7 the FCA, in accordance with CASS 7.15.33 R4 (Notification requirements), that it is unable correctly to identify and allocate in its records all valid claims arising as a result of a secondary pooling event._x000D_ 4 | D12: 42942
A13: _x000D_CASS 7A.2.3 | B13: R | C13: CASS 7A.2.2R (4) does not apply so long as:_x000D_ (1) the firm is taking steps, in consultation with the FCA, to establish those records; and_x000D_ _x000D_ (2) there are reasonable grounds to conclude that the records will be capable of rectification within a reasonable period. | D13: 41365
A14: _x000D_CASS 7A.2.3A | B14: R | C14: 4If a primary pooling event occurs in circumstances where the firm had, before the primary pooling event, reduced its margined transaction requirement7 by utilising approved collateral under CASS 7.16.33 R4 , it must immediately liquidate this approved collateral and place the proceeds in a client bank account that relates to the relevant notional pool under CASS 7A.2.4R(1) (Pooling and distribution or transfer)7_x000D_ 4 | D14: 42942
A15: _x000D_CASS 7A.2.3B | B15: R | C15: 4 CASS 7A.2.7-AR 7 (Client money received after the failure of the firm) does not apply to the proceeds under CASS 7A.2.3A R. | D15: 42942
A16: _x000D_CASS 7A.2.3C | B16: G | C16: 4The proceeds of the assets realised under CASS 7A.2.3A R:_x000D_ (1) will form part of the relevant notional pool7 of client money (see CASS 7A.2.4R(1A)(a)(i)7 (Pooling and distribution or transfer7); and_x000D_ _x000D_ (2) must be distributed or transferred on behalf of clients7 in accordance with this chapter. | D16: 42942
A17: _x000D_Client money reconciliations after a primary pooling event | D17: 42942
A18: _x000D_CASS 7A.2.3D | B18: G | C18: (1) 7If a special administrator has been appointed to the firm under the IBSA Regulations then they will be required to carry out a reconciliation under regulation 10H of the IBSA Regulations. _x000D_ _x000D_ (2) Notwithstanding regulation 10H of the IBSA Regulations, CASS 7.15 has application to a firm after a primary pooling event, meaning, for example, that ongoing compliant record-keeping is required (see CASS 7.15.15R(4) (Internal client money reconciliations) and CASS 7.15.26AR (Frequency of external reconciliations after a primary pooling event)). | D18: 42942
A19: _x000D_Pooling and distribution or transfer | D19: 42942
A20: _x000D_CASS 7A.2.4 | B20: R | C20: If a primary pooling event occurs, then4:_x000D_ (1) (a) in respect of a sub-pool,4 the following is treated as a single notional pool of client money for the beneficiaries of that pool:45_x000D_ (i) any client money held in a client bank account of the firm relating to that sub-pool; and5_x000D_ _x000D_ (ii) any client money held in a client transaction account of the firm relating to that sub-pool, except for client money held in a client transaction account at an authorised central counterparty3 or a clearing member which is, in either case, held as part of a 4regulated clearing arrangement;5_x000D_ _x000D_ _x000D_ (b) in respect of the general pool, the following is treated as a single notional pool of client money for the beneficiaries of the general pool:5_x000D_ (i) any client money held in any client bank account of the firm;5_x000D_ _x000D_ (ii) any client money held in a client transaction account of the firm, except for client money held in a client transaction account at an authorised central counterparty, or a clearing member which is, in either case, held as part of a regulated clearing arrangement; and5_x000D_ _x000D_ (iii) any client money identifiable in any other account held by the firm into which client money has been received;5_x000D_ _x000D_ _x000D_ except, in each case, for client money relating to a sub-pool which falls under sub-paragraphs7 (1)(a)(i) or (ii); and7_x000D_ 5_x000D_ 4414443434_x000D_ (1A) (a) a notional pool under paragraph (1) shall also include any client money that is:7_x000D_ (i) transferred by the firm under regulation 10H(3) of the IBSA Regulations to a client bank account that is included in that pool under paragraph (1);7_x000D_ _x000D_ (ii) paid under CASS 7A.2.3AR into a client bank account that is included in that pool under paragraph (1);7_x000D_ _x000D_ (iii) paid under CASS 7A.2.4R(3)(b) or CASS 7A.2.4R(3)(d) into a client bank account or client transaction account that is included in that pool under paragraph (1);7_x000D_ _x000D_ (iv) (subject to sub-paragraph (b)) otherwise received after the primary pooling event into a client transaction account that is included in that pool under paragraph (1) where the receipt is in relation to a margined transaction that the firm had entered into through the use of that client transaction account and which had not closed out before primary pooling event; and7_x000D_ _x000D_ (v) paid under CASS 7.15.29R(1) (Reconciliation discrepancies) after the primary pooling event into a client bank account that is included in that pool under paragraph (1); and7_x000D_ _x000D_ _x000D_ (b) the firm must not transfer any client money in a notional pool under sub-paragraphs (1)(a) or (b) to a client transaction account except where necessary to comply with sub-paragraph (2)(b);7_x000D_ _x000D_ (c) a notional pool under paragraph (1) shall cease to include client money from the point at which it is: 7_x000D_ (i) transferred by the firm under regulation 10H(4) of the IBSA Regulations from a client bank account that is included in that pool under paragraph (1); or7_x000D_ _x000D_ (ii) paid out after the primary pooling event from a client transaction account that is included in that pool under paragraph (1) where the payment is in relation to a margined transaction that the firm had entered into through the use of that client transaction account and which had not closed out before primary pooling event.7_x000D_ _x000D_ _x000D_ _x000D_ (2) the firm must, as soon as reasonably practicable7:_x000D_ 44(a) (subject to paragraphs (4) and (5)9)74distribute client money comprising a notional pool in accordance with CASS 7.17.2 R4 , so that each client who is a beneficiary of that pool receives a sum which is rateable to the client money entitlement calculated in accordance with CASS 7A.2.5R (Client money entitlements)7; or_x000D_ 4_x000D_ (b) 4(where applicable) transfer client money comprising a sub-pool to effect or facilitate porting of positions held for the clients who are beneficiaries of that sub-pool; and_x000D_ _x000D_ _x000D_ (3) 1if, in connection with a regulated clearing arrangement, client money is remitted directly to the firm3either from an authorised central counterparty3 or from a clearing member as part of that person’s default management procedures7, then, as soon as reasonably practicable7:_x000D_ (a) any such remittance in respect of a client transaction account that is an individual client account does not form a part of any notional pool under CASS 7A.2.4R(1) and7 must be distributed to the relevant client subject to CASS 7.17.2R (4)4 ;_x000D_ 4_x000D_ (b) subject to sub-paragraphs7 (3)(c) and (d)4, any such remittance in respect of a client transaction account that is an omnibus client account must form part of the notional pool4 under CASS 7A.2.4R(1)(b)7 and be subject to distribution in accordance with CASS 7A.2.4R(2)(a)7;_x000D_ 4_x000D_ (c) any such remittance in respect of a client transaction account that is an omnibus client account must be distributed to the3 relevant clients for whom that omnibus client account is held if:_x000D_ (i) no client money in excess of the amount recorded in that omnibus client account is held by the firm as margin in relation to the positions recorded in that omnibus client account; and4_x000D_ _x000D_ (ii) the amount of such remittance attributable to each client of the omnibus client account is readily apparent from information provided to the firm 4 by the authorised central counterparty3 or, in the case of indirect clients, the clearing member;_x000D_ 4_x000D_ _x000D_ in which case the amount of such remittance does not form a part of any notional pool under CASS 7A.2.4R(1) and7 must be distributed to each such client in accordance with the information provided by the authorised central counterparty3or clearing member subject to CASS 7.17.2R (4)4 ; and4_x000D_ 4_x000D_ (d) 4any such remittance in respect of a client transaction account that is a net margined omnibus client account in respect of which the firm maintains a sub-pool must form part of such sub-pool under CASS 7A.2.4R(1)(a)7 to be distributed in accordance with CASS 7A.2.4R (2)(a); and7_x000D_ _x000D_ _x000D_ (4) as an alternative to distributing a client’sclient money in a notional pool to the relevant client under CASS 7A.2.4R(2)(a) and in respect of client money that that is not required to be transferred under CASS 7A.2.4R(2)(b), a firm (Firm A) may on its own initiative transfer some or all of that client’sclient money in the relevant notional pool to any other person (Firm B) for safekeeping on behalf of the client provided that:7_x000D_ (a) as a consequence of any such transfer, Firm A does not distribute to any other client whose client money is in that notional pool, or transfer on behalf of any such other client to another person, an amount of money that would be less than that which such other client was entitled to have distributed or transferred under this rule;7_x000D_ _x000D_ (b) unless Firm A is able to rely on regulation 10B(3)(b) of the IBSA Regulations for the transfer to Firm B to have effect without the consent of the client, either:7_x000D_ (i) Firm A has the specific consent of the client to the transfer to Firm B; or7_x000D_ _x000D_ (ii) (A) there is a written agreement between Firm A and the client which provides that Firm A may transfer the client’sclient money to another person; and7_x000D_ _x000D_ (B) Firm A can lawfully rely on that provision to achieve the transfer under this rule;7_x000D_ _x000D_ _x000D_ _x000D_ (c) Firm A has, in advance of the transfer under this rule, either:7_x000D_ (i) obtained a contractual undertaking from Firm B that the money transferred will be held by Firm B as client money in accordance with the client money rules; or7_x000D_ _x000D_ (ii) where the client money rules do not apply to Firm B, or where they do apply but Firm B is able to hold the money transferred other than as client money, satisfied itself, having exercised all due skill care and diligence in its assessment, that Firm B will apply adequate measures to protect the money transferred;7_x000D_ _x000D_ _x000D_ (d) where regulation 10C(3) of the IBSA Regulations does not apply, Firm A has, in advance of the transfer under this rule, obtained a contractual undertaking from Firm B that Firm B will return the money to the client at the client’s request; and7_x000D_ _x000D_ (e) Firm A has, in advance of the transfer under this rule, obtained a contractual undertaking from Firm B that Firm B will notify the client, within 14 days of the transfer of that client’s balance having commenced:7_x000D_ (i) of the applicable regulatory regime under which the money will be held by Firm B;7_x000D_ _x000D_ (ii) either:7_x000D_ (A) of any relevant compensation scheme limits that may apply in respect of Firm B’s handling of the transferred money; or7_x000D_ _x000D_ (B) of the fact that Firm B does not participate in a relevant compensation scheme, if that is the case; and7_x000D_ _x000D_ _x000D_ (iii) where regulation 10C(3) of the IBSA Regulations does not apply, that the client has the option of having its money returned to it by Firm B; and9_x000D_ 7_x000D_ _x000D_ _x000D_ (5) (a) subject to (b), as a further alternative to distributing a client’sclient money in a notional pool to the relevant client under CASS 7A.2.4R(2)(a) and in respect of client money that is not required to be transferred under CASS 7A.2.4R(2)(b), a firm may transfer all of that client’sclient money in the relevant notional pool to a dormant asset fund operator under the applicable provisions of Part 1 of the Dormant Assets Act 2022 and in accordance with CASS 7.11.57AR; and9_x000D_ _x000D_ (b) as a consequence of any such transfer to a dormant asset fund operator, the firm must not distribute to any other client whose client money is in that notional pool, or transfer on behalf of any such other client to another person, an amount of money that would be less than that which such other client was entitled to have distributed or transferred under this rule.9 | D20: 45506
A21: _x000D_CASS 7A.2.4- | B21: G | C21: 10 9The purpose of CASS 7A.2.4(4)(a) and (5)(b) is to ensure that where a particular client’sclient money is transferred (under CASS 7A.2.4R(4) to another person for safekeeping or under CASS 7A.2.4R(5) to a dormant asset fund operator), such a transfer does not prejudice any other client. This means, for example, that the amounts that may be transferred under those provisions should take account of any shortfall that affects the relevant clients. | D21: 42942
A22: _x000D_CASS 7A.2.4- | B22: G | C22: 10 7Where regulation 10C(3) of the IBSA Regulations does apply, Firm A should, in advance of the transfer under CASS 7A.2.4R(4), obtain a contractual undertaking from Firm B that:_x000D_ (1) Firm B will comply with the client’s request for a ‘reverse transfer’ as defined in regulation 10C of the IBSA Regulations; and_x000D_ _x000D_ (2) Firm B will notify the client, within 14 days of the transfer of that client’ssafe custody asset having commenced, that the client can demand a ‘reverse transfer’ as defined in regulation 10C of the IBSA Regulations. | D22: 42942
A23: _x000D_CASS 7A.2.4- | B23: G | C23: 10 7Under CASS 7A.2.4R(1)(b)(i) a firm should include the balances of client money referred to at CASS 7.13.40AR(2), CASS 7.13.53AR(2) and CASS 7.13.72AR(2) in the relevant pool. | D23: 43103
